 Dungeon Crawl Stone Soup version 0.22.0-27-ga576289 (webtiles) character file.

1297998 Monsterracer the Bringer of Light (level 27, -1/179 HPs)
             Began as a Gargoyle Abyssal Knight on Aug 21, 2018.
             Was the Champion of the Shining One.
             Splashed by an acid blob's acid (16 damage)
             ... summoned by an infernal corrupter
             ... on level 11 of a ziggurat on Aug 22, 2018.
             The game lasted 03:48:46 (111222 turns).

Monsterracer the Bringer of Light (GrAK)          Turns: 111222, Time: 03:48:47

Health: -1/179     AC: 67    Str: 19 (20) XL:     27
Magic:  28/28      EV: 15    Int: 15      God:    the Shining One [******]
Gold:   6905       SH: 29    Dex: 13      Spells: 26/26 levels left

rFire    + + +     SeeInvis +   a - +9 broad axe (holy)
rCold    + . .     Gourm    .   t - +0 large shield of Tobif {Int+2 Dex+7}
rNeg     + + +     Faith    .   k - +14 crystal plate armour
rPois    ∞         Spirit   .   p - +2 helmet {SInv}
rElec    +         Reflect  +   b - +4 dragonskin cloak
rCorr    .         Harm     .   r - +2 pair of gloves
MR       ++++.     Rnd*Tele +   D - +2 pair of boots {Fly}
Stlth    ..........             y - amulet of Loetott {Reflect rF++ MR+ SH+4}
HPRegen  0.00/turn              Y - ring of protection from magic {!d}
MPRegen  0.21/turn              G - ring of Teaceh {rF+ rC+ rN+ Str-2 Int+2}

@: corroded, flying, glowing
A: big wings, molten scales 1, see invisible, [blurry vision 2], [clumsy 2],
deformed body, deterioration 2, dopey 2, frail 1, low mp 2[+1], negative energy
resistance 1, sense surroundings 1, screaming 1, electricity resistance,
[inhibited regeneration], teleportitis 1[+1], weak 1[+1], unbreathing,
petrification resistance, no potion heal 2, rot immunity, subdued magic 3, AC
+20
}: 14/15 runes: decaying, serpentine, slimy, silver, iron, obsidian, icy, bone,
abyssal, demonic, glowing, magical, fiery, dark
a: Stop Flying, Divine Shield, Cleansing Flame, Summon Divine Warrior, Renounce
Religion


You were on level 11 of a ziggurat.
You worshipped the Shining One.
The Shining One was exalted by your worship.
You were not hungry.

You visited 16 branches of the dungeon, and saw 84 of its levels.
You visited Pandemonium 3 times, and saw 30 of its levels.
You visited the Abyss 7 times.
You visited 1 ziggurat, and saw 11 of its levels.
You also visited: Ice Cave.

You collected 11442 gold pieces.
You spent 2825 gold pieces at shops.
You donated 1712 gold pieces to Zin.

Inventory:

Hand Weapons
 a - a +9 broad axe of holy wrath (weapon)
Missiles
 U - 7 throwing nets (quivered)
Armour
 b - the +4 dragonskin cloak (worn)
   (You took it off Tiamat on level 2 of the Realm of Zot)
 k - a +14 crystal plate armour (worn)
 p - a +2 helmet of see invisible (worn)
 r - a +2 pair of gloves (worn)
 t - the +0 large shield of Tobif (worn) {Int+2 Dex+7}
   (You acquired it in Pandemonium)

   It affects your intelligence (+2).
   It affects your dexterity (+7).
 D - a +2 pair of boots of flying (worn)
 F - the +8 orange crystal plate armour {Archmagi, Int+3 Clar}
   (You found it on level 5 of a ziggurat)

   It affects your intelligence (+3).
   It protects you against confusion.
Jewellery
 g - the amulet of Vitality {Regen+ HP+15}
   (You found it on level 7 of the Iron City of Dis)

   [amulet of regeneration]

   It affects your health (+15).
   It increases your rate of regeneration.
 j - the ring of the Hippo {rCorr Dex+2 SInv}
   (You took it off a balrug on level 7 of Gehenna)

   [ring of resist corrosion]

   It affects your dexterity (+2).
   It lets you see invisible.
 y - the amulet of Loetott (around neck) {Reflect rF++ MR+ SH+4}
   (You bought it in a shop on level 3 of the Snake Pit)

   [amulet of reflection]

   It shields you and reflects attacks.
   It greatly protects you from fire.
   It affects your resistance to hostile enchantments.
   It affects your SH (+4).
 z - the ring of Wuna {rF- rC+++ rN+ MP+9 Str+4}
   (You found it on level 3 of the Crypt)

   [ring of positive energy]

   It affects your strength (+4).
   It makes you vulnerable to fire.
   It renders you almost immune to cold.
   It protects you from negative energy.
   It affects your magic capacity (+9).
 C - the ring "Nixoblon" {+Blink rPois EV+2 SInv}
   (You bought it in a shop on level 1 of the Depths)

   [ring of evasion]

   It affects your evasion (+2).
   It protects you from poison.
   It lets you see invisible.
   It lets you blink.
 G - the ring of Teaceh (right hand) {rF+ rC+ rN+ Str-2 Int+2}
   (You found it in Pandemonium)

   [ring of positive energy]

   It affects your strength (-2).
   It affects your intelligence (+2).
   It protects you from fire.
   It protects you from cold.
   It protects you from negative energy.
 Y - a ring of protection from magic (left hand) {!d}
Wands
 u - a wand of digging (47)
Scrolls
 h - 10 scrolls of identify
 m - 5 scrolls of magic mapping {!r}
 o - a scroll of summoning {!r}
 q - 21 scrolls of teleportation {!r}
 s - 12 scrolls of fear {!r}
 v - 5 scrolls of enchant armour
 x - 11 scrolls of blinking
 E - 10 scrolls of fog
 J - 8 scrolls of silence
 K - 32 scrolls of remove curse
 Q - 11 scrolls of holy word
Potions
 d - 8 potions of cancellation
 e - 6 potions of might
 f - 25 potions of curing
 i - 4 potions of agility
 l - a potion of heal wounds
 n - 3 potions of magic
 w - 3 potions of ambrosia {!q}
 A - a potion of berserk rage {!q}
 L - 6 potions of brilliance
 O - 6 potions of haste
 R - 2 potions of resistance
Comestibles
 c - 77 rations
 B - 2 chunks of flesh


   Skills:
 O Level 27 Fighting
 O Level 27 Axes
 O Level 27 Armour
 + Level 23.9 Dodging
 - Level 25.0 Shields
 O Level 27 Invocations


You had 26 spell levels left.
You didn't know any spells.
Your spell library contained the following spells:

 Spells                   Type           Power        Failure   Level  Hunger
 Animate Skeleton         Necr           N/A          94%         1    ##.....
 Apportation              Tloc           #.....       94%         1    ##.....
 Beastly Appendage        Tmut           #.....       94%         1    ##.....
 Confusing Touch          Hex            #.....       94%         1    ##.....
 Corona                   Hex            #......      94%         1    ##.....
 Flame Tongue             Conj/Fire      #....        94%         1    ##.....
 Freeze                   Ice            #...         94%         1    ##.....
 Infusion                 Chrm           #...         94%         1    ##.....
 Pain                     Necr           #...         94%         1    ##.....
 Sandblast                Erth           #.....       94%         1    ##.....
 Shock                    Conj/Air       #...         94%         1    ##.....
 Sting                    Conj/Pois      #...         94%         1    ##.....
 Summon Butterflies       Summ           #.......     94%         1    ##.....
 Summon Small Mammal      Summ           #...         94%         1    ##.....
 Blink                    Tloc           N/A          98%         2    ###....
 Corpse Rot               Necr           N/A          98%         2    ###....
 Ensorcelled Hibernation  Hex/Ice        #.....       98%         2    ###....
 Passwall                 Tmut/Erth      #.......     98%         2    ###....
 Poisonous Vapours        Pois/Air       #.....       98%         2    ###....
 Shroud of Golubria       Chrm/Tloc      #.........   98%         2    ###....
 Song of Slaying          Chrm           #.......     98%         2    ###....
 Sticks to Snakes         Tmut           #.......     98%         2    ###....
 Swiftness                Chrm/Air       #.......     98%         2    ###....
 Throw Flame              Conj/Fire      #.....       98%         2    ###....
 Throw Frost              Conj/Ice       #.....       98%         2    ###....
 Confuse                  Hex            #.......     100%        3    ####...
 Conjure Flame            Conj/Fire      #.......     100%        3    ####...
 Dazzling Spray           Conj/Hex       #.....       100%        3    ####...
 Gell's Gravitas          Tloc           #.........   100%        3    ####...
 Ignite Poison            Fire/Tmut/Pois #.......     100%        3    ####...
 Inner Flame              Hex/Fire       #.......     100%        3    ####...
 Lesser Beckoning         Tloc           #.........   100%        3    ####...
 Mephitic Cloud           Conj/Pois/Air  #.......     100%        3    ####...
 Ozocubu's Armour         Chrm/Ice       #.......     100%        3    ####...
 Recall                   Summ/Tloc      N/A          100%        3    ####...
 Regeneration             Chrm/Necr      #.........   100%        3    ####...
 Spectral Weapon          Hex/Chrm       #.......     100%        3    ####...
 Spider Form              Tmut/Pois      #.........   100%        3    ####...
 Static Discharge         Conj/Air       #.......     100%        3    ####...
 Stone Arrow              Conj/Erth      #.....       100%        3    ####...
 Tukima's Dance           Hex            #.......     100%        3    ####...
 Vampiric Draining        Necr           #.........   100%        3    ####...
 Airstrike                Air            #.........   100%        4    #####..
 Animate Dead             Necr           N/A          100%        4    #####..
 Cause Fear               Hex            #.........   100%        4    #####..
 Force Lance              Conj/Tloc      #.......     100%        4    #####..
 Ice Form                 Ice/Tmut       #.......     100%        4    #####..
 Leda's Liquefaction      Hex/Erth       #.........   100%        4    #####..
 Olgreb's Toxic Radiance  Pois           #.......     100%        4    #####..
 Passage of Golubria      Tloc           N/A          100%        4    #####..
 Petrify                  Tmut/Erth      #.......     100%        4    #####..
 Sticky Flame             Conj/Fire      #.......     100%        4    #####..
 Summon Ice Beast         Ice/Summ       #.......     100%        4    #####..
 Throw Icicle             Conj/Ice       #.......     100%        4    #####..
 Agony                    Necr           #.......     100%        5    ######.
 Alistair's Intoxication  Tmut/Pois      #.......     100%        5    ######.
 Aura of Abjuration       Summ           #.........   100%        5    ######.
 Bolt of Draining         Conj/Necr      #.........   100%        5    ######.
 Bolt of Magma            Conj/Fire/Erth #.........   100%        5    ######.
 Dispel Undead            Necr           #.......     100%        5    ######.
 Excruciating Wounds      Chrm/Necr      #.........   100%        5    ######.
 Fireball                 Conj/Fire      #.........   100%        5    ######.
 Irradiate                Conj/Tmut      #.........   100%        5    ######.
 Iskenderun's Battlesphe  Conj/Chrm      #.......     100%        5    ######.
 Lee's Rapid Deconstruct  Erth           #.........   100%        5    ######.
 Lightning Bolt           Conj/Air       #.........   100%        5    ######.
 Metabolic Englaciation   Hex/Ice        #.........   100%        5    ######.
 Silence                  Hex/Air        #.........   100%        5    ######.
 Summon Demon             Summ           #.........   100%        5    ######.
 Summon Forest            Summ/Tloc      #.........   100%        5    ######.
 Summon Mana Viper        Hex/Summ       #.......     100%        5    ######.
 Venom Bolt               Conj/Pois      #.........   100%        5    ######.
 Yara's Violent Unravell  Hex/Tmut       #.........   100%        5    ######.
 Bolt of Cold             Conj/Ice       #.........   100%        6    #######
 Bolt of Fire             Conj/Fire      #.........   100%        6    #######
 Darkness                 Hex            #.........   100%        6    #######
 Death Channel            Necr           #.........   100%        6    #######
 Deflect Missiles         Chrm/Air       #.........   100%        6    #######
 Freezing Cloud           Conj/Ice/Air   #.........   100%        6    #######
 Hydra Form               Tmut           #.........   100%        6    #######
 Invisibility             Hex            #.......     100%        6    #######
 Iron Shot                Conj/Erth      #.........   100%        6    #######
 Ozocubu's Refrigeration  Ice            #.........   100%        6    #######
 Shadow Creatures         Summ           N/A          100%        6    #######
 Simulacrum               Ice/Necr       #.........   100%        6    #######
 Dragon Form              Tmut           #.........   100%        7    #######
 Malign Gateway           Summ/Tloc      #.........   100%        7    #######
 Ring of Flames           Chrm/Fire      #.........   100%        7    #######
 Summon Hydra             Summ           #.........   100%        7    #######
 Death's Door             Chrm/Necr      #.........   100%        8    #######
 Discord                  Hex            #.........   100%        8    #######
 Ignition                 Fire           #.........   100%        8    #######
 Dragon's Call            Summ           #.........   100%        9    #######
 Shatter                  Erth           #.........   100%        9    #######
 Sublimation of Blood     Necr           Unusable     N/A         2    N/A
 Statue Form              Tmut/Erth      Unusable     N/A         6    N/A

Dungeon Overview and Level Annotations

Branches:
Dungeon (15/15)            Temple (1/1) D:5            Lair (6/6) D:8
  Swamp (4/4) Lair:2        Snake (4/4) Lair:2        Slime (5/5) Lair:6
    Orc (2/2) D:11            Elf (0/3) Orc:2        Vaults (5/5) D:14
  Crypt (3/3) Vaults:2       Tomb (0/3) Crypt:3      Depths (5/5) D:15
   Hell (1/1)                 Dis (7/7) Hell            Geh (7/7) Hell
    Coc (7/7) Hell            Tar (7/7) Hell            Zot (5/5) Depths:5

Altars:
Ashenzari
Cheibriados
Dithmenos
Elyvilon
Fedhas
Gozag
Hepliaklqana
Kikubaaqudgha
Makhleb
Nemelex Xobeh
Okawaru
Qazlal
Ru
Sif Muna
Trog
Uskayaw
Vehumet
Wu Jian
Xom
Yredelemnul
Zin
The Shining One
Beogh
Jiyva

Shops:
D:5 (   D:10 *   D:12 =   Orc:1 *   Orc:2 }[=!   Snake:3 =   Vaults:1 :
Depths:1 }}=   Depths:5 (

Portals:
Hell: Depths:1 Depths:2 Depths:3 Depths:4 Depths:5
Abyss: Depths:1 Depths:4 Depths:5
Pandemonium: Depths:2 Depths:3
Trove: Depths:3 (give 17 potions of curing)

Annotations:
Swamp:4 corrupted
Abyss:1 Joseph, Nessos


Innate Abilities, Weirdness & Mutations

You are resistant to torment.
Your stone body is resilient. (AC +20)
You are immune to poison.
Your large and strong wings let you fly indefinitely.
You resist negative energy. (rN+)
You are resistant to electric shocks. (rElec)
You can survive without breathing.
You are immune to petrification.
You are immune to rotting.
You are partially covered in molten scales. (AC +2)
You have supernaturally acute eyesight. (SInv)
Armour fits poorly on your strangely shaped body.
Your body often deteriorates upon taking damage.
You are very dopey. (Int -4)
You are frail. (-10% HP)
You passively map a small area around you.
You occasionally shout uncontrollably at your foes.
Potions are poor at restoring your health.
Your spells are much easier to cast, but much less powerful.
[Scrolls take you longer to read.]
[You are very clumsy. (Dex -4)]
[Your magical capacity is extremely low. (-30% MP)]
[You do not regenerate when monsters are visible.]
[You are sometimes teleported next to monsters.]
[You are very weak. (Str -4)]


Message History

Unknown command.
Unknown command.
Unknown command.
Unknown command.
Unknown command.
Unknown command.
MP restored: 32 You hit the slime creature.
You kill the slime creature!
You slash the acid blob! The acid corrodes you!
Your hands burn!
You slash the infernal corrupter!
The infernal corrupter convulses.
You barely miss Pupneq.
You slice the very large slime creature!!
You block the infernal corrupter's attack.
Pupneq hits you but does no damage.
The very large slime creature misses you.
The acid blob hits you!!
Your body deteriorates!
You feel weakened. The acid corrodes you!
You are splashed with acid!
The acid burns!
You take 29 damage, and have 111/179 hp.
You are too injured to fight recklessly!
You hit Pupneq but do no damage.
Pupneq is lightly wounded.
You slice the very large slime creature!!
You slice the acid blob!!
Your hands burn!
The infernal corrupter blocks your attack.
The infernal corrupter utters an invocation to Lugonu.
Your regeneration stops near monsters.
You feel less energetic. You block Pupneq's attack.
The Executioner gestures at you. You resist with almost no effort.
The acid blob hits you but does no damage.
The very large slime creature closely misses you.
You block the infernal corrupter's attack.
Pupneq hits you!
You are too injured to fight recklessly!
Your crystal plate armour prevents you from hitting Pupneq.
Pupneq is lightly wounded.
You barely miss the very large slime creature.
You hit the Executioner but do no damage.
You hit the acid blob but do no damage.
Your hands burn!
The infernal corrupter blocks your attack.
The Executioner hits you but does no damage.
You block the Executioner's attack. x2
The Executioner hits you but does no damage.
You block the Executioner's attack. The Executioner closely misses you.
You block the orange demon's attack. The acid blob spits acid at you.
The splash of acid misses you.
The splash of acid hits the titanic slime creature.
The titanic slime creature is splashed with acid.
The acid corrodes the titanic slime creature!
You block Pupneq's attack.
The infernal corrupter hits you but does no damage.
You are too injured to fight recklessly!
You completely miss Pupneq.
Pupneq is lightly wounded.
You hit the infernal corrupter but do no damage.
You hit the acid blob. The acid corrodes you!
Your hands burn!
You slash the Executioner!
The Executioner convulses!
You hit the titanic slime creature.
You slash the very large slime creature!
The very large slime creature disappears in a puff of smoke!
You block the Executioner's attack. x2; The Executioner closely misses you.
The Executioner misses you.
The Executioner hits you but does no damage.
You block the Executioner's attack.
The titanic slime creature jiggles.
The titanic slime creature hits you!!
* * * LOW HITPOINT WARNING * * *
Pupneq hits you!!!
* * * LOW HITPOINT WARNING * * *
The tormentor calls on the powers of darkness!
The titanic slime creature convulses!
Your body is wracked with pain!
* * * LOW HITPOINT WARNING * * *
The acid blob convulses!
You block the infernal corrupter's attack.
The acid blob hits you but does no damage.
The orange demon completely misses you.
You hear a shout!
You hear a roar!
You are too injured to fight recklessly!
You take 82 damage, and have 29/179 hp.
MASSIVE DAMAGE!!
You now have 28/28 mp.
Really read with blurry vision while enemies are nearby?
The titanic slime creature disappears in a puff of smoke!
You block the Executioner's attack. x3
The Executioner hits you but does no damage. x2
You block the Executioner's attack. Pupneq hits you!
* * * LOW HITPOINT WARNING * * *
The Executioner hits you but does no damage.
You block the Executioner's attack.
The Executioner hits you but does no damage.
The infernal corrupter hits you but does no damage.
The acid blob spits acid at you. The splash of acid hits you!
The acid corrodes you!
You are splashed with acid!
The acid burns!
You die...

▓▓▓▓▓▓▓▓▓
▓........
▓▓▓▓▓▓........
*
▓.............
,
▓.............,
▓.............
▓.....§24.....
▓.....@&2.....,
▓∩...1J6..#.#.
, ,
▓.......1.###.
,
▓.............
, ,
▓.............
▓.............
,
▓.............
,, ,
▓▓▓▓▓▓........
...


You could see Pupneq, a Hell Sentinel, an acid blob, a cacodemon, an infernal
corrupter, an Executioner, an orange demon and a tormentor.

Vanquished Creatures
  Cerebov (Pan)
  10 pandemonium lords
  Asmodeus (Geh:7)
  the Royal Jelly (Slime:5)
  Gloorx Vloq (Pan)
  Ereshkigal (Tar:7)
  the Serpent of Hell (Dis:7)
  Mnoleg (Pan)
  6 ancient liches
  Tiamat (Zot:2)
  10 orbs of fire
  Mennas (Pan)
  Sojobo (Depths:1)
  Boris (Vaults:3)
  16 shard shrikes
  4 Killer Klowns
  Margery (Depths:3)
  Vashnia (Snake:4)
  Geryon (Hell)
  2 caustic shrikes (Depths:4)
  A curse toe (Zot:2)
  Nikola (Depths:3)
  8 golden dragons
  Jory (Depths:3)
  13 bone dragons
  A profane servitor (Abyss:4)
  11 doom hounds
  The ghost of Zosmev the Executioner, an adept MiBe of Trog (Swamp:1)
  A shard shrike zombie (Crypt:2)
  6 iron giants
  12 Brimstone Fiends
  36 Tzitzimimeh
  9 liches
  17 Ice Fiends
  4 electric golems
  25 Orb Guardians (Zot:5)
  15 tentacled monstrosities
  9 Hell Sentinels
  7 titans
  Asterion (Snake:3)
  Gastronok (D:10)
  5 eldritch tentacles
  20 acid blobs
  9 death cobs
  5 sphinxes
  13 tentacled starspawn
  20 Executioners
  3 quicksilver dragons
  12 ancient champions
  A thorn hunter (Swamp:1)
  28 storm dragons
  Kirke (Lair:5)
  16 shadow dragons
  7 tengu reavers
  Roxanne (Snake:1)
  13 nagarajas
  7 draconian monks
  2 daevas (Pan)
  3 revenants
  An azure jelly (shapeshifter) (Zig:7)
  A frost giant (shapeshifter) (Zig:7)
  20 azure jellies
  12 fire giants
  3 orc warlords
  2 ghost moths (Depths:3)
  3 draconian knights
  21 iron dragons
  An angel (Abyss:3)
  26 vault wardens
  9 ghouls
  28 cacodemons
  39 balrugs
  4 curse skulls
  8 warmongers (Pan)
  12 frost giants
  3 deep elf sorcerers
  5 draconian stormcallers
  11 corrupters
  11 draconian annihilators
  9 draconian scorchers
  14 draconian shifters
  15 ironheart preservers
  34 very ugly things
  4 war gargoyles
  8 blood saints
  2 spriggan defenders (Depths:5)
  2 ophanim
  An elemental wellspring (Coc:7)
  25 green draconians
  61 reapers
  14 vampire knights
  35 stone giants
  2 deep elf demonologists
  An entropy weaver (Vaults:5)
  14 black suns (Pan)
  4 deep elf annihilators
  14 yellow draconians
  8 red draconians
  19 spark wasps
  11 white draconians
  A minotaur (shapeshifter) (Vaults:5)
  3 dire elephants
  8 lorocyprocas (Pan)
  18 black draconians
  3 minotaurs (Depths:2)
  20 purple draconians
  17 green deaths
  4 crystal guardians
  11 ettins
  Josephine (D:12)
  Snorg (Lair:5)
  9 eidola
  2 quicksilver dragon zombies
  4 deep elf high priests
  A merfolk javelineer (Zig:5)
  16 yaktaur captains
  22 death oozes
  A spectral kraken (Tar:7)
  A mummy priest (Crypt:3)
  20 blizzard demons
  6 deep elf death magi
  13 fire dragons
  16 great orbs of eyes
  3 jiangshi
  4 quicksilver dragon skeletons
  13 rakshasas
  6 hell beasts
  5 spriggan air magi
  Erolcha (Orc:2)
  3 ghost crabs
  2 catoblepae
  18 naga warriors
  20 ice dragons
  38 vault guards
  19 hydras
  10 monstrous demonspawn (Pan)
  A merfolk aquamancer (Zig:5)
  7 anacondas
  8 centaur warriors
  An anaconda (shapeshifter) (Vaults:5)
  7 death knights
  28 two-headed ogres
  A queen ant (Lair:2)
  3 two-headed ogres (shapeshifter)
  6 alligators
  31 thrashing horrors
  5 orc high priests (Orc:2)
  9 deep troll shamans
  10 ogre magi
  4 tengu warriors
  6 vampire magi
  8 deep troll earth magi
  7 death yaks
  The ghost of Kauclaty the Grappler, a journeyman VSTm of Qazlal (D:14)
  4 spriggan berserkers
  19 hell hogs
  6 storm dragon zombies
  A shock serpent (shapeshifter) (Abyss:3)
  13 naga sharpshooters
  15 shock serpents
  72 dancing weapons
  27 hell knights
  3 titan skeletons
  9 titan zombies
  Nergalle (D:10)
  32 sixfirhies
  42 soul eaters
  An iron golem (Geh:1)
  65 sun demons
  5 spatial maelstroms
  A golden dragon zombie (Tar:7)
  22 iron trolls
  120 skeletal warriors
  A salamander mystic (Snake:3)
  12 deep elf knights
  16 shadow wraiths
  16 wretched stars
  An entropy weaver zombie (Crypt:1)
  11 flayed ghosts
  11 gelid demonspawn (Pan)
  8 swamp dragons
  A storm dragon skeleton (Vaults:4)
  A deep troll (shapeshifter) (Vaults:5)
  5 unseen horrors
  A ghost moth zombie (Crypt:1)
  8 torturous demonspawn (Pan)
  35 deep trolls
  3 anaconda zombies
  9 glowing orange brains
  27 shadow demons
  A spriggan druid (Swamp:3)
  An orange crystal statue (Zig:10)
  14 wizards
  8 naga ritualists
  5 sea snakes (Snake:1)
  3 spectral hydras (Swamp:1)
  10 infernal demonspawn (Pan)
  26 necromancers
  8 deep elf archers
  2 golden dragon skeletons
  2 tengu zombies
  15 ironbrand convokers
  16 orc knights
  4 harpies (Zig:5)
  5 wolf spider zombies
  16 mana vipers
  26 phantasmal warriors
  A harpy (shapeshifter) (D:15)
  29 deep elf magi
  3 orb spiders (Zig:4)
  7 shadow dragon zombies
  3 anaconda skeletons
  A shining eye (shapeshifter) (Zig:9)
  2 shadow dragon skeletons
  8 stone giant zombies
  11 shining eyes
  63 ugly things
  2 manticores
  5 iron dragon zombies
  8 wolf spiders
  7 salamanders
  18 cyclopes
  5 orc sorcerers
  2 frost giant zombies
  26 moths of wrath
  3 fire giant zombies
  5 human zombies
  3 spectral alligators (Swamp:1)
  2 worldbinders
  2 black mambas (shapeshifter)
  A faun (shapeshifter) (Zig:9)
  2 tengu skeletons
  3 dire elephant zombies
  6 iron dragon skeletons
  A moth of wrath (shapeshifter) (Zig:9)
  15 vault sentinels
  22 rust devils
  6 stone giant skeletons
  5 frost giant skeletons
  31 black mambas
  5 ice statues
  3 apocalypse crabs (Abyss:3)
  6 guardian serpents
  5 eyes of devastation
  7 molten gargoyles
  2 water nymphs (Zig:5)
  22 naga magi
  2 gargoyles
  5 fire giant skeletons
  32 orange demons
  2 spiny frogs (shapeshifter)
  2 titan simulacra
  45 smoke demons
  A torpor snail (Lair:2)
  19 spiny frogs
  A catoblepas zombie (Geh:6)
  25 hellions
  6 dire elephant skeletons
  3 storm dragon simulacra (Coc:7)
  An elf skeleton (Vaults:5)
  Psyche (D:10)
  A minotaur zombie (Coc:5)
  2 emperor scorpion zombies
  A kobold demonologist (D:14)
  31 ice devils
  A spectral swamp worm (Tar:7)
  9 efreet
  A redback zombie (D:14)
  2 yaktaurs (shapeshifter)
  41 hellwings
  35 freezing wraiths
  41 tormentors
  2 anaconda simulacra (Coc:7)
  6 komodo dragons
  A red draconian zombie (Coc:6)
  4 rime drakes
  36 red devils
  41 yaktaurs
  5 ancient zymes
  23 demonic crawlers
  2 human skeletons
  3 minotaur skeletons
  6 jumping spiders
  20 trolls
  A catoblepas skeleton (Geh:6)
  4 iron troll zombies
  9 hydra zombies
  3 guardian mummies
  A troll (shapeshifter) (Vaults:1)
  A polar bear (shapeshifter) (D:14)
  4 silent spectres
  7 meliai
  A queen bee (Abyss:3)
  Prince Ribbit (D:5)
  2 merfolk (Zig:5)
  9 tyrant leeches
  A wind drake (shapeshifter) (Vaults:3)
  A wind drake (Zig:5)
  9 polar bears
  31 blink frogs
  3 hydra skeletons
  A moth of wrath zombie (Crypt:1)
  16 hornets
  A hornet (shapeshifter) (Vaults:5)
  85 slime creatures
  A hippogriff (shapeshifter) (D:10)
  3 fire dragon zombies
  An ice dragon zombie (Dis:2)
  4 ettin zombies
  A tarantella zombie (Crypt:1)
  18 bog bodies
  30 raiju
  8 dream sheep
  9 hippogriffs
  A meliai zombie (D:14)
  Sigmund (D:5)
  2 stone giant simulacra
  6 alligator zombies
  A redback (shapeshifter) (Zig:9)
  2 alligator skeletons
  8 ice dragon skeletons
  A centaur simulacrum (D:12)
  22 spriggans
  2 fire dragon skeletons
  54 flying skulls
  33 ynoxinuls
  10 water elementals
  7 redbacks
  A tarantella (Zig:4)
  2 yaks (shapeshifter)
  47 shadows
  2 ushabtiu (Crypt:3)
  25 yaks
  30 wraiths
  6 ettin skeletons
  5 basilisks
  A tarantella (shapeshifter) (Vaults:4)
  2 basilisks (shapeshifter)
  11 fire bats
  13 fire elementals
  3 hogs
  2 wyverns
  A golden eye (shapeshifter) (Vaults:3)
  A steam dragon (Lair:5)
  2 black mamba skeletons
  28 neqoxecs
  18 golden eyes
  23 vampire mosquitoes
  42 chaos spawn
  2 hungry ghosts
  A yaktaur simulacrum (Vaults:3)
  55 nagas
  12 swamp worms
  A warg (shapeshifter) (Vaults:5)
  5 wargs
  2 spatial vortices
  64 large abominations
  3 acid dragons
  4 insubstantial wisps (Swamp:2)
  A deep troll zombie (Crypt:2)
  5 soldier ants (Lair:2)
  6 spiny frog zombies
  13 water moccasins
  10 porcupines
  4 hydra simulacra
  13 swamp drakes
  3 spiny frog skeletons
  36 hell hounds
  23 ice beasts
  53 orc warriors
  An ettin simulacrum (Abyss:3)
  6 phantoms
  7 sky beasts
  5 snapping turtle zombies
  11 black bears
  A manticore zombie (Coc:7)
  3 alligator simulacra
  An eye of draining (shapeshifter) (D:14)
  A fire dragon simulacrum (Tar:3)
  6 eyes of draining
  A hornet zombie (D:11)
  5 boggarts
  45 ogres
  18 wolves
  20 necrophages
  5 snapping turtle skeletons
  19 centaurs
  A dream sheep skeleton (Crypt:1)
  A manticore skeleton (Geh:4)
  A spriggan simulacrum (Swamp:1)
  7 crocodiles
  5 big kobolds
  2 elf zombies
  A gnoll sergeant (D:10)
  A wyvern zombie (Crypt:1)
  17 bullfrogs
  2 earth elementals
  25 small abominations
  2 spiny frog simulacra
  8 wyvern skeletons
  A yak zombie (Crypt:1)
  2 scorpions
  15 killer bees
  An elf simulacrum (Vaults:3)
  A swamp dragon simulacrum (Swamp:1)
  38 wights
  2 troll skeletons
  10 electric eels
  A spriggan skeleton (Crypt:3)
  2 howler monkeys
  6 jellies
  A lava snake (D:14)
  17 crimson imps
  7 centaur zombies
  3 quasits
  63 starcursed masses
  3 bullfrog zombies
  A gnoll shaman (D:5)
  11 hounds
  2 bullfrog skeletons
  29 orc priests
  4 centaur skeletons
  17 iron imps
  2 iguanas
  32 orc wizards
  42 worker ants
  5 lightning spires (Zot:1)
  2 hell rats (Lair:5)
  3 polar bear simulacra (Lair:6)
  3 yak simulacra (Lair:6)
  A wolf simulacrum (Lair:6)
  A naga skeleton (Crypt:3)
  A demigod skeleton (Crypt:1)
  2 ogre skeletons
  5 mummies
  2 worker ant zombies (D:11)
  16 gnolls
  A howler monkey skeleton (D:8)
  8 river rats (Lair:5)
  9 adders
  14 shadow imps
  14 white imps
  3 ufetubi
  3 oozes (Lair:6)
  A halfling skeleton (Crypt:2)
  A worm (D:5)
  7 ball lightnings (Pan)
  3 dart slugs
  3 leopard geckos
  109 orcs
  2 ball pythons (D:3)
  4 giant cockroaches
  4 goblins
  16 hobgoblins
  15 jackals
  15 kobolds
  6 quokkas
  4 bats
  3 frilled lizards
  A leopard gecko skeleton (D:5)
  A leopard gecko zombie (Crypt:2)
  A quokka skeleton (Crypt:1)
  2 quokka zombies
  7 rats
  4 river rat simulacra (Lair:6)
  6 crawling corpses
  15 fire vortices (Pan)
  A fungus (Swamp:4)
  3 lurking horrors
  6 plants
  11 starspawn tentacles
  5 withered plants (Crypt:3)
4898 creatures vanquished.

Vanquished Creatures (collateral kills)
  Antaeus (Coc:7)
  Dispater (Dis:7)
  A shard shrike (Coc:7)
  A death cob (Zot:5)
  A draconian monk (Zot:5)
  2 draconian shifters (Zot:5)
  A draconian stormcaller (Zot:5)
  A draconian annihilator (Zot:5)
  2 spark wasps (Depths:4)
  A skeletal warrior (Coc:7)
  An iron dragon zombie (Dis:7)
  A storm dragon simulacrum (Coc:7)
  A hellion (Pan)
  An emperor scorpion zombie (Coc:7)
  A chaos spawn (Pan)
17 creatures vanquished.

Vanquished Creatures (others)
  the Lernaean hydra (Swamp:4)
  A warmonger (Pan)
  A balrug (Pan)
  An elemental wellspring (Coc:7)
  2 black draconians (Zot:1)
  3 blizzard demons
  A yaktaur captain (Depths:4)
  5 hydras
  2 rakshasas (Pan)
  A two-headed ogre (Depths:3)
  An alligator (Swamp:4)
  A hell hog (Geh:4)
  4 naga sharpshooters
  4 hell knights
  A sixfirhy (Pan)
  A sun demon (Pan)
  An anaconda skeleton (Hell)
  3 wizards (Pan)
  A deep elf mage (Vaults:5)
  2 cyclopes
  A moth of wrath (Zot:5)
  2 smoke demons (Pan)
  8 yaktaurs
  A tyrant leech (Swamp:4)
  A raiju (Zot:1)
  A water elemental (Hell)
  A wraith (Dis:1)
  2 ynoxinuls (Pan)
  A fire bat (Pan)
  A neqoxec (D:11)
  A chaos spawn (Pan)
  A vampire mosquito (Swamp:2)
  3 nagas
  A small abomination (Abyss:4)
  4 centaurs
  2 wights
  An orc wizard (Vaults:1)
  30 ball lightnings
  A crawling corpse (Depths:4)
  4 fire vortices
  25 fungi
  2 lurking horrors
  14 plants
  32 starspawn tentacles
  4 tentacles (Tar:7)
  10 withered plants
191 creatures vanquished.

Grand Total: 5106 creatures vanquished

Notes
Turn   | Place    | Note
-------+----------+-------------------------------------------
     0 | Abyss:1  | Monsterracer the Gargoyle Abyssal Knight began the quest for the Orb.
     0 | Abyss:1  | Reached XP level 1. HP: 14/14 MP: 2/2
    50 | D:1      | Escaped the Abyss
    68 | D:1      | HP: 7/14 [hobgoblin/club (2)]
   532 | D:1      | Reached XP level 2. HP: 19/19 MP: 3/3
   830 | D:1      | Reached XP level 3. HP: 21/23 MP: 4/4
  1456 | D:2      | HP: 10/23 [adder (3)]
  1786 | D:2      | Reached ** piety under Lugonu
  1954 | D:1      | Reached XP level 4. HP: 20/28 MP: 5/5
  2011 | D:1      | HP: 11/28 [gnoll/spear (5)]
  2246 | D:2      | HP: 11/28 [gnoll/spear (6)]
  2749 | D:2      | Found a glowing golden altar of the Shining One.
  3327 | D:3      | Noticed an ogre
  3483 | D:3      | HP: 6/28 [ogre/giant spiked club (12)]
  3502 | D:3      | Found a white marble altar of Elyvilon.
  3519 | D:3      | HP: 8/28 [ball python (1)]
  3531 | D:3      | HP: 5/28 [orc/falchion of electrocution (4)]
  3556 | D:3      | HP: 3/28 [orc/hand axe (4)]
  4070 | D:3      | Reached XP level 5. HP: 32/32 MP: 6/6
  4190 | D:2      | HP: 12/32 [something/puff of flame (6)]
  5105 | D:4      | Reached XP level 6. HP: 38/38 MP: 8/8
  5109 | D:4      | Found a snail-covered altar of Cheibriados.
  5226 | D:4      | Reached skill level 5 in Axes
  5491 | D:5      | Entered Level 5 of the Dungeon
  5491 | D:5      | Noticed an ice beast
  5557 | D:5      | HP: 18/38 [ogre/giant club (7)]
  5562 | D:4      | HP: 16/38 [something (1)]
  5564 | D:4      | HP: 5/38 [ogre/giant club (12)]
  5566 | D:4      | HP: 1/38 [something/puff of flame (4)]
  5987 | D:4      | HP: 11/38 [ogre/giant club (20)]
  6221 | D:3      | HP: 14/38 [ogre/giant spiked club (10)]
  6502 | D:5      | Reached XP level 7. HP: 43/44 MP: 9/9
  6820 | D:5      | Found a staircase to the Ecumenical Temple.
  6887 | D:6      | HP: 21/44 [worker ant (2)]
  6898 | D:6      | HP: 13/44 [worker ant (1)]
  6899 | D:6      | Reached *** piety under Lugonu
  7201 | D:6      | Reached skill level 5 in Fighting
  7497 | D:6      | Reached XP level 8. HP: 38/49 MP: 11/11
  7568 | D:6      | Noticed a two-headed ogre
  7902 | D:7      | Found a shattered altar of Ashenzari.
  7968 | D:7      | Found a runed door.
  8053 | D:7      | Noticed a sixfirhy
  8194 | D:7      | Reached skill level 5 in Invocations
  8247 | D:7      | Noticed Joseph
  8253 | D:7      | HP: 20/51 [Joseph/uncursed quarterstaff (11)]
  8256 | D:7      | Banished Joseph
  8698 | D:6      | Noticed a wyvern
  8708 | D:6      | HP: 21/51 [wyvern (10)]
  8712 | D:6      | Killed a wyvern
  8712 | D:6      | Reached XP level 9. HP: 22/55 MP: 13/13
  9370 | D:5      | Noticed Prince Ribbit
 10053 | D:5      | HP: 27/55 [orc priest/divine providence (10)]
 10256 | D:5      | Found Qipparghi's Weapon Shoppe.
 10264 | D:5      | Noticed Sigmund
 10275 | D:5      | Reached **** piety under Lugonu
 10433 | D:5      | Killed Sigmund
 10875 | D:5      | HP: 23/55 [Prince Ribbit (7)]
 10884 | D:5      | HP: 17/55 [Prince Ribbit (5)]
 11640 | D:8      | Found a blossoming altar of Fedhas.
 11786 | D:8      | Found a shimmering altar of Xom.
 11925 | D:8      | Noticed a troll
 11943 | D:8      | Reached skill level 10 in Axes
 12263 | D:8      | Found a staircase to the Lair.
 12370 | D:8      | Reached XP level 10. HP: 43/61 MP: 14/14
 12379 | D:8      | HP: 30/61 [electric eel/bolt of electricity (5)]
 12588 | D:8      | HP: 30/61 [electric eel/bolt of electricity (1)]
 12593 | D:8      | HP: 21/61 [electric eel/bolt of electricity (3)]
 12682 | D:8      | HP: 28/61 [shadow imp/nerve-wracking pain (3)]
 12916 | D:8      | Reached skill level 5 in Armour
 13721 | D:5      | Bought a +1 battleaxe of electrocution for 324 gold pieces
 13732 | D:5      | Killed Prince Ribbit
 14244 | D:9      | Reached ***** piety under Lugonu
 14927 | D:9      | Noticed a three-headed hydra
 14940 | D:9      | HP: 25/64 [three-headed hydra (9)]
 14941 | D:9      | Killed a three-headed hydra
 14941 | D:9      | Reached XP level 11. HP: 27/68 MP: 16/16
 15273 | D:10     | Entered Level 10 of the Dungeon
 15273 | D:10     | Noticed Sonja
 15327 | Lair:1   | Entered Level 1 of the Lair of Beasts
 15327 | Lair:1   | Noticed an eight-headed hydra
 15335 | Lair:1   | HP: 31/68 [eight-headed hydra (6)]
 15336 | Lair:1   | HP: 15/68 [eight-headed hydra (9)]
 15392 | Lair:1   | Banished an eight-headed hydra
 15400 | Lair:1   | HP: 24/68 [yak (5)]
 15405 | Lair:1   | HP: 19/68 [yak (2)]
 16182 | Lair:1   | HP: 30/69 [blink frog (8)]
 16200 | Lair:1   | HP: 24/69 [blink frog (8)]
 16213 | Lair:1   | HP: 24/69 [blink frog (3)]
 16634 | Lair:1   | HP: 32/69 [blink frog (4)]
 16642 | Lair:1   | HP: 24/69 [blink frog (9)]
 16650 | Lair:1   | HP: 21/69 [blink frog (5)]
 16667 | Lair:1   | HP: 13/69 [blink frog (2)]
 16673 | Lair:1   | HP: 11/69 [blink frog (3)]
 17274 | Lair:2   | HP: 25/71 [spiny frog (13)]
 17527 | Lair:2   | HP: 28/71 [blink frog (9)]
 17527 | Lair:2   | HP: 11/71 [blink frog (7)]
 17869 | Lair:2   | Reached XP level 12. HP: 58/76 MP: 18/18
 18051 | Lair:2   | Found a staircase to the Snake Pit.
 18199 | Lair:2   | Noticed a queen ant
 18221 | Lair:2   | Killed a queen ant
 18256 | Lair:2   | HP: 37/76 [blink frog (10)]
 18872 | Lair:2   | Found a staircase to the Swamp.
 18892 | Lair:2   | HP: 38/77 [tyrant leech (14)]
 19203 | Lair:2   | Reached skill level 10 in Fighting
 19579 | Lair:3   | Found a white marble altar of Elyvilon.
 19721 | Lair:3   | HP: 37/77 [blink frog (10)]
 19729 | Lair:3   | HP: 29/77 [blink frog (8)]
 19734 | Lair:3   | HP: 25/77 [blink frog (5)]
 20559 | Lair:3   | Reached skill level 10 in Invocations
 20853 | Lair:4   | Noticed a death yak
 20853 | Lair:4   | Noticed a death yak
 20853 | Lair:4   | Noticed a death yak
 20853 | Lair:4   | Noticed a four-headed hydra
 20853 | Lair:4   | Noticed a death yak
 20855 | Lair:4   | Noticed a death yak
 20855 | Lair:4   | Noticed a death yak
 20903 | Lair:3   | HP: 36/78 [four-headed hydra (5)]
 20909 | Lair:3   | Killed a four-headed hydra
 20909 | Lair:3   | Reached XP level 13. HP: 39/83 MP: 20/20
 21997 | Lair:4   | Reached ****** piety under Lugonu
 22372 | Lair:4   | Reached skill level 10 in Armour
 22381 | Lair:4   | HP: 37/84 [death yak (9)]
 22387 | Lair:4   | HP: 9/84 [death yak (14)]
 22708 | Lair:4   | HP: 38/84 [death yak (12)]
 23706 | Lair:5   | Noticed Snorg
 23722 | Lair:5   | Killed Snorg
 23722 | Lair:5   | Reached skill level 1 in Dodging
 23911 | Lair:5   | Noticed Kirke
 23970 | Lair:5   | HP: 39/84 [lindwurm/blast of flame[Kirke] (28)]
 24238 | Lair:5   | Killed Kirke
 24433 | Lair:5   | HP: 37/84 [six-headed hydra (6)]
 24836 | Lair:6   | Entered Level 6 of the Lair of Beasts
 24859 | Lair:6   | HP: 36/84 [blink frog (10)]
 24860 | Lair:6   | Gained mutation: Your large and strong wings let you fly indefinitely. [Gargoyle growth]
 24860 | Lair:6   | Reached XP level 14. HP: 39/90 MP: 22/22
 24865 | Lair:6   | HP: 38/90 [blink frog (2)]
 25758 | Lair:6   | Found a runed door.
 25758 | Lair:6   | Found a viscous altar of Jiyva.
 25958 | Lair:6   | Found a staircase to the Slime Pits.
 26975 | Lair:6   | Noticed a dire elephant
 26983 | Lair:6   | Noticed a dire elephant
 26986 | Lair:6   | HP: 41/91 [dire elephant (6)]
 26991 | Lair:6   | HP: 23/91 [dire elephant (15)]
 27054 | Lair:6   | HP: 28/91 [dire elephant (7)]
 27121 | Lair:5   | HP: 34/91 [dire elephant (11)]
 27127 | Lair:5   | Killed a dire elephant
 27335 | Lair:6   | HP: 43/91 [dire elephant (22)]
 27373 | Lair:6   | HP: 31/91 [dire elephant (3)]
 27415 | Lair:6   | HP: 28/91 [dire elephant (1)]
 27420 | Lair:6   | Noticed a dire elephant
 27423 | Lair:6   | HP: 24/91 [dire elephant (6)]
 27732 | D:10     | Reached skill level 15 in Axes
 27792 | D:10     | Noticed Psyche
 27821 | D:10     | Paralysed by something for 7 turns
 27834 | D:10     | Killed Psyche
 27918 | D:10     | Found Raodum's General Store.
 27956 | D:10     | Noticed Nergalle
 27980 | D:10     | Killed Nergalle
 28148 | D:10     | Noticed Gastronok
 28164 | D:10     | Killed Gastronok
 28886 | D:10     | Noticed Sonja
 28886 | D:10     | Sonja changed into Sonja the shapeshifter
 28887 | D:10     | Noticed Sonja
 28887 | D:10     | Sonja the shapeshifter changed into Sonja the guardian serpent
 28888 | D:10     | Noticed Sonja
 28888 | D:10     | Sonja the guardian serpent changed into Sonja the salamander
 28894 | D:10     | Noticed Sonja
 28894 | D:10     | Sonja the salamander changed into Sonja the hippogriff
 28900 | D:10     | Killed Sonja the hippogriff
 29121 | D:11     | Found a staircase to the Orcish Mines.
 29421 | D:11     | Found a stormy altar of Qazlal.
 29719 | Orc:1    | Entered Level 1 of the Orcish Mines
 29762 | Orc:1    | Found Kauffiug's General Store.
 30559 | Orc:2    | Entered Level 2 of the Orcish Mines
 30931 | Orc:2    | Found a staircase to the Elven Halls.
 31062 | Orc:2    | Noticed Erolcha
 31073 | Orc:2    | HP: 37/92 [Erolcha/crystal spear (26)]
 31075 | Orc:2    | Killed Erolcha
 31703 | Orc:2    | Reached XP level 15. HP: 87/96 MP: 24/24
 31720 | Orc:2    | HP: 42/96 [orc priest/divine providence (9)]
 32302 | Orc:2    | Found Ucseg's Armour Emporium.
 32305 | Orc:2    | Found Mowajec's Jewellery Shoppe.
 32306 | Orc:2    | Found Lufaj's Gadget Emporium.
 32307 | Orc:2    | Found Palor's Distillery.
 32539 | D:12     | Found an opulent altar of Gozag.
 32612 | D:12     | Found a frozen archway.
 32641 | IceCv    | Entered an ice cave
 33123 | IceCv    | Got spiked ice dragon scales
 33245 | D:12     | Identified the cursed +1 ice dragon scales "Fuavuax" {rF- rC++ Dex+4} (You found it in an ice cave)
 33418 | Orc:2    | Bought an uncursed ring of fire for 350 gold pieces
 33578 | D:12     | Found Utticw's Jewellery Boutique.
 33591 | D:12     | Bought an uncursed ring of protection from magic for 325 gold pieces
 33591 | D:12     | Bought a +3 ring of protection for 273 gold pieces
 33671 | D:12     | Noticed Josephine
 33681 | D:12     | Killed Josephine
 34397 | D:13     | Noticed Nessos
 34413 | D:13     | Banished Nessos
 34591 | D:13     | Reached skill level 5 in Dodging
 35245 | D:13     | HP: 48/97 [deep elf archer/uncursed short sword (4)]
 35251 | D:13     | HP: 31/97 [deep elf mage/bolt of cold (5)]
 35256 | D:13     | HP: 32/97 [deep elf archer/arrow (1)]
 35263 | D:13     | HP: 22/97 [orange demon[a deep elf mage] (5)]
 35835 | D:13     | HP: 43/97 [burnt (12)]
 35837 | D:13     | HP: 19/97 [burnt (10)]
 35838 | D:13     | HP: 7/97 [burnt (12)]
 35838 | D:13     | HP: 2/97 [demonic crawler[a deep elf mage] (6)]
 36856 | D:14     | Found a runed door.
 36858 | D:14     | Noticed Kauclaty's ghost (journeyman VSTm)
 37309 | Swamp:1  | Entered Level 1 of the Swamp
 37323 | Swamp:1  | Reached skill level 1 in Shields
 37606 | Swamp:1  | Found a runed gate.
 37606 | Swamp:1  | Found a runed gate.
 37606 | Swamp:1  | Found a runed gate.
 37607 | Swamp:1  | Noticed Zosmev's ghost (adept MiBe)
 37711 | Swamp:1  | Reached XP level 16. HP: 81/104 MP: 25/25
 37971 | Swamp:1  | Noticed a thorn hunter
 37982 | Swamp:1  | Killed a thorn hunter
 38771 | Swamp:2  | HP: 51/104 [four-headed hydra (6)]
 38778 | Swamp:2  | HP: 44/104 [vampire mosquito (1)]
 40349 | Swamp:4  | Entered Level 4 of the Swamp
 41545 | Swamp:4  | Noticed the 27-headed Lernaean hydra
 41549 | Swamp:4  | Corrupted Swamp:4
 41549 | Swamp:4  | Noticed a tentacled starspawn
 41564 | Swamp:4  | Killed the 26-headed Lernaean hydra
 41567 | Swamp:4  | Noticed a revenant
 41584 | Swamp:4  | Got a decaying rune of Zot
 42149 | D:12     | Identified a scroll of acquirement
 42399 | Snake:1  | Entered Level 1 of the Snake Pit
 42489 | Snake:1  | Reached skill level 5 in Shields
 42510 | Snake:1  | Reached XP level 17. HP: 112/112 MP: 26/26
 42732 | D:14     | Killed Kauclaty's ghost
 42756 | D:14     | Got a shimmering spear {pierce}
 43438 | D:14     | Found a gate to the Vaults.
 43666 | D:15     | Entered Level 15 of the Dungeon
 44277 | D:15     | Reached skill level 10 in Shields
 44414 | D:15     | Found a staircase to the Depths.
 45083 | Swamp:1  | Killed Zosmev's ghost
 45113 | Swamp:1  | Got a slimy chain mail
 45644 | Snake:1  | Reached skill level 15 in Fighting
 45660 | Snake:1  | Noticed Roxanne
 45679 | Snake:1  | Killed Roxanne
 46656 | Snake:2  | Reached XP level 18. HP: 119/119 MP: 27/27
 46900 | Snake:2  | Identified the +3 chain mail of Disguise {MR+} (You found it on level 1 of the Swamp)
 47428 | Snake:3  | Found Getoijy's Jewellery Boutique.
 47435 | Snake:3  | Bought the amulet of Loetott {Reflect rF++ MR+ SH+4} for 685 gold pieces
 47808 | Snake:3  | Noticed Asterion
 47833 | Snake:3  | Killed Asterion
 48096 | Snake:4  | Entered Level 4 of the Snake Pit
 48158 | Snake:4  | Found a bloodstained altar of Trog.
 48261 | Snake:4  | Fell from the grace of Lugonu
 48261 | Snake:4  | Became a worshipper of Trog the Wrathful
 48378 | Snake:4  | Reached * piety under Trog
 48510 | Snake:4  | Noticed Vashnia
 48510 | Snake:4  | Reached ** piety under Trog
 48600 | Snake:4  | Reached *** piety under Trog
 48614 | Snake:4  | Reached XP level 19. HP: 128/128 MP: 28/28
 48651 | Snake:4  | Killed Vashnia
 48914 | Snake:4  | Got an iridescent shortbow
 49227 | Snake:4  | Got a serpentine rune of Zot
 49581 | Vaults:1 | Entered Level 1 of the Vaults
 49600 | Vaults:1 | Reached **** piety under Trog
 50158 | Vaults:1 | Reached ***** piety under Trog
 50236 | Vaults:1 | Found Siuriety's Book Boutique.
 50655 | Vaults:1 | Reached skill level 15 in Armour
 50930 | Vaults:1 | Found a roughly hewn altar of Beogh.
 51012 | Vaults:2 | Received a gift from Trog
 51018 | Vaults:2 | Reached XP level 20. HP: 134/137 MP: 29/29
 51574 | Vaults:2 | Found a staircase to the Crypt.
 52430 | Vaults:3 | Reached ****** piety under Trog
 52970 | Vaults:3 | Cast into level 3 of the Abyss (Lugonu's touch)
 52990 | Vaults:3 | Escaped the Abyss
 53048 | Vaults:3 | Received a gift from Trog
 53323 | Vaults:3 | Noticed Boris
 53344 | Vaults:3 | Killed Boris
 54279 | Vaults:4 | Gained mutation: [You are clumsy. (Dex -2)] [mutagenic glow]
 54305 | Vaults:4 | Reached skill level 15 in Shields
 54306 | Vaults:4 | Reached XP level 21. HP: 92/147 MP: 30/30
 54324 | Vaults:4 | Gained mutation: You are dopey. (Int -2) [mutagenic glow]
 54340 | Vaults:4 | Paralysed by accursed screaming for 1 turns
 54567 | Vaults:4 | Received a gift from Trog
 54934 | Vaults:4 | Received a gift from Trog
 55043 | Vaults:4 | HP: 56/148 [crystal guardian/crystal bolt (50)]
 55127 | Vaults:4 | Cast into level 3 of the Abyss (Lugonu's touch)
 55152 | Vaults:4 | Escaped the Abyss
 55512 | Vaults:4 | Received a gift from Trog
 56147 | Vaults:5 | Entered Level 5 of the Vaults
 56216 | Vaults:5 | Reached XP level 22. HP: 149/156 MP: 31/31
 56464 | Vaults:5 | Received a gift from Trog
 56524 | Vaults:5 | Got an uncursed ebony falchion {flame}
 56606 | Vaults:5 | Received a gift from Trog
 56640 | Vaults:5 | Got a silver rune of Zot
 56650 | Vaults:5 | Got a bronze chain mail
 56651 | Vaults:5 | Identified the +1 chain mail "Eqotueno" {*Corrode Int+3 Dex+6} (You found it on level 5 of the Vaults)
 57192 | Vaults:5 | Found the amulet of the Four Winds {rN+ MR+++ Clar}
 57215 | Vaults:5 | Got an ancient war axe
 57226 | Vaults:5 | Got a bound bone ring
 57227 | Vaults:5 | Identified the ring "Qaklifoedgh" {rElec rC- EV+1 Dex+7 SInv} (You found it on level 5 of the Vaults)
 57548 | Vaults:5 | Received a gift from Trog
 57557 | Vaults:5 | Got a transparent ivory ring
 57576 | Vaults:5 | Got a distressingly furry plate armour
 57578 | Vaults:5 | Identified the cursed +0 plate armour of the Elven Halls {*Corrode Dex+8 Stlth+} (You took it off a vault warden on level 5 of the Vaults)
 57579 | Vaults:5 | Identified the ring of Ehaxusoe {rCorr +Inv MR+ Int+4 Slay-3} (You took it off a fire giant on level 5 of the Vaults)
 57727 | Vaults:5 | Noticed a golden dragon
 57744 | Vaults:5 | Killed a golden dragon
 57744 | Vaults:5 | Reached XP level 23. HP: 164/164 MP: 32/32
 57799 | Vaults:5 | Got a polished hand crossbow
 57854 | Vaults:5 | Noticed a golden dragon
 57866 | Vaults:5 | Killed a golden dragon
 58487 | D:11     | Cast into level 4 of the Abyss (Lugonu's touch)
 58493 | D:11     | Escaped the Abyss
 58575 | D:8      | Fell from the grace of Trog
 58575 | D:8      | Became a worshipper of Xom of Malevolent Giggling
 58692 | Temple   | Entered the Ecumenical Temple
 58823 | Temple   | XOM: potion effect (haste)
 58824 | Temple   | XOM: potion effect (might)
 58849 | Temple   | Fell from the grace of Xom
 58849 | Temple   | Became a worshipper of Dithmenos the Shadowed
 58899 | Temple   | Fell from the grace of Dithmenos
 58899 | Temple   | Became a worshipper of Makhleb the Destroyer
 59002 | D:7      | Cast into level 4 of the Abyss (Lugonu's touch)
 59014 | Abyss:4  | XOM: give mutations
 59014 | Abyss:4  | Gained mutation: [Scrolls take you a little longer to read.] [Xom's mischief]
 59014 | Abyss:4  | Gained mutation: You are frail. (-10% HP) [Xom's mischief]
 59014 | Abyss:4  | Gained mutation: You occasionally shout uncontrollably at your foes. [Xom's mischief]
 59084 | Abyss:4  | Paralysed by accursed screaming for 1 turns
 59098 | Abyss:4  | Lost mutation: You are frail. (-10% HP) [potion of mutation]
 59098 | Abyss:4  | Lost mutation: [You are clumsy. (Dex -2)] [potion of mutation]
 59098 | Abyss:4  | Lost mutation: [Scrolls take you a little longer to read.] [potion of mutation]
 59098 | Abyss:4  | Lost mutation: You are dopey. (Int -2) [potion of mutation]
 59098 | Abyss:4  | Gained mutation: [You are weak. (Str -2)] [potion of mutation]
 59098 | Abyss:4  | Gained mutation: You are resistant to hostile enchantments. (MR+) [potion of mutation]
 59098 | Abyss:4  | Lost mutation: [You are weak. (Str -2)] [potion of mutation]
 59201 | Abyss:4  | Got a brightly glowing hand crossbow
 59224 | Abyss:4  | Was forgiven by Lugonu
 59228 | Abyss:4  | Paralysed by accursed screaming for 1 turns
 59240 | Abyss:4  | Reached * piety under Makhleb
 59347 | D:7      | Escaped the Abyss
 59523 | Depths:1 | Entered Level 1 of the Depths
 59712 | Depths:1 | Found a one-way gate to the infinite horrors of the Abyss.
 59776 | Depths:1 | Found an opulent altar of Gozag.
 59882 | Depths:1 | Noticed Sojobo
 59919 | Depths:1 | Killed Sojobo
 60144 | Depths:1 | Found a gateway to Hell.
 60153 | Depths:1 | Found Osodeij's Gadget Shop.
 60154 | Depths:1 | Found Temysonn's Jewellery Emporium.
 60155 | Depths:1 | Found Gume's Gadget Shop.
 60163 | Depths:1 | Bought the ring "Nixoblon" {+Blink rPois EV+2 SInv} for 388 gold pieces
 60243 | Depths:1 | XOM: mild Fire miscast
 60287 | Depths:1 | XOM: give mutation
 60287 | Depths:1 | Gained mutation: [Scrolls take you a little longer to read.] [Xom's mischief]
 60675 | Depths:2 | Found a hide-covered altar of Uskayaw.
 60684 | Depths:1 | Reached ** piety under Makhleb
 61204 | Depths:2 | HP: 76/165 [Tzitzimitl/bolt of negative energy[the darkness of Dithmenos] (22)]
 61475 | Depths:2 | Got a smoking scale mail
 61645 | Depths:2 | HP: 82/165 [stone giant[the rage of Trog] (7)]
 61880 | Depths:2 | XOM: mild Ice miscast
 62077 | Depths:2 | XOM: give mutations
 62077 | Depths:2 | Gained mutation: [You are weak. (Str -2)] [Xom's mischief]
 62077 | Depths:2 | Lost mutation: You are resistant to hostile enchantments. (MR+) [Xom's mischief]
 62093 | Depths:2 | XOM: medium Fire miscast
 62154 | Depths:2 | XOM: noise
 62242 | Depths:2 | Found a one-way gate leading to the halls of Pandemonium.
 62547 | Depths:2 | Reached *** piety under Makhleb
 62549 | Depths:2 | Found a radiant altar of Vehumet.
 62565 | Depths:2 | Got a colourful robe
 62778 | Depths:3 | Noticed Nikola
 62820 | Depths:3 | Reached XP level 24. HP: 172/172 MP: 33/33
 62830 | Depths:3 | Killed Nikola
 62967 | Depths:3 | Reached **** piety under Makhleb
 62969 | Depths:3 | Gained mutation: Armour fits poorly on your strangely shaped body. [a neqoxec]
 62987 | Depths:3 | Noticed Margery
 63007 | Depths:3 | Killed Margery
 63036 | Depths:3 | Lost mutation: [Scrolls take you a little longer to read.] [potion of mutation]
 63036 | Depths:3 | Lost mutation: [You are weak. (Str -2)] [potion of mutation]
 63036 | Depths:3 | Lost mutation: You occasionally shout uncontrollably at your foes. [potion of mutation]
 63036 | Depths:3 | Gained mutation: Your mind is acute. (Int +2) [potion of mutation]
 63036 | Depths:3 | Gained mutation: You have supernaturally acute eyesight. (SInv) [potion of mutation]
 63036 | Depths:3 | Gained mutation: You have large cloven feet. [potion of mutation]
 63036 | Depths:3 | Gained mutation: You have hoof-like feet. [potion of mutation]
 63037 | Depths:3 | Lost mutation: Armour fits poorly on your strangely shaped body. [potion of mutation]
 63037 | Depths:3 | Lost mutation: You have hoof-like feet. [potion of mutation]
 63037 | Depths:3 | Lost mutation: You have large cloven feet. [potion of mutation]
 63037 | Depths:3 | Gained mutation: Your mind is very acute. (Int +4) [potion of mutation]
 63037 | Depths:3 | Gained mutation: You evolve. [potion of mutation]
 63037 | Depths:3 | Gained mutation: You are agile. (Dex +2) [potion of mutation]
 63062 | Depths:3 | HP: 79/173 [Tzitzimitl[the darkness of Dithmenos] (10)]
 63067 | Depths:3 | HP: 51/173 [???[the darkness of Dithmenos] (13)]
 63220 | Depths:3 | XOM: medium Tloc miscast
 63465 | Depths:3 | HP: 81/173 [iron troll[the darkness of Dithmenos] (11)]
 63471 | Depths:3 | HP: 37/259 [???[the darkness of Dithmenos] (9)]
 63652 | Depths:3 | HP: 76/173 [stone giant[the rage of Trog] (12)]
 63679 | Depths:3 | Got a shimmering diamond amulet
 63681 | Depths:3 | Identified the amulet of the Elephant {+Rage rN+} (You took it off a vampire knight on level 3 of the Depths)
 63784 | Depths:3 | Noticed Jory
 63824 | Depths:3 | HP: 81/173 [Jory/vampiric draining (14)]
 63825 | Depths:3 | Killed Jory
 63964 | Depths:3 | Got a warped scale mail
 64089 | Depths:3 | Reached ***** piety under Makhleb
 64323 | Depths:3 | Found a portal to a secret trove of treasure.
 64403 | Depths:3 | XOM: medium Pois miscast
 64691 | Depths:3 | Was forgiven by Dithmenos
 64934 | Depths:3 | XOM: mild Ice miscast
 65243 | Depths:4 | Noticed a caustic shrike
 65243 | Depths:4 | Noticed a caustic shrike
 65243 | Depths:4 | Noticed a caustic shrike
 65254 | Depths:4 | Killed a caustic shrike
 65259 | Depths:4 | Killed a caustic shrike
 65262 | Depths:4 | a caustic shrike changed into a titan
 65262 | Depths:4 | XOM: polymorph caustic shrike -> titan
 65337 | Depths:4 | Got an ichor-stained scale mail
 65698 | Depths:4 | Reached XP level 25. HP: 180/180 MP: 34/34
 65731 | Depths:4 | Reached skill level 15 in Invocations
 65799 | Depths:4 | Got a brightly glowing steel ring
 65833 | Depths:4 | Identified the ring of Gakur {*Contam rElec rN++ EV+4 SInv} (You found it on level 4 of the Depths)
 66735 | Depths:5 | Entered Level 5 of the Depths
 66777 | Depths:5 | Reached ****** piety under Makhleb
 66828 | Depths:5 | Found Fecet's Antique Weapon Shop.
 66839 | Depths:5 | Paralysed by Trog for 5 turns
 66967 | Depths:5 | XOM: summons 7 hostile demons
 67006 | Depths:5 | XOM: swap monsters
 67118 | Depths:5 | XOM: enchant monster (bad)
 67174 | Depths:5 | Found a gateway to a ziggurat.
 67243 | Depths:5 | Reached skill level 10 in Dodging
 67253 | Depths:5 | Found a gate to the Realm of Zot.
 67282 | Depths:5 | Got a shimmering copper ring
 67283 | Depths:5 | Identified the ring of the Final Coins {Int+5 Stlth+} (You found it on level 5 of the Depths)
 67455 | Depths:5 | XOM: medium Pois miscast
 68077 | Temple   | Fell from the grace of Makhleb
 68077 | Temple   | Became a worshipper of Sif Muna the Loreminder
 68127 | Temple   | Fell from the grace of Sif Muna
 68127 | Temple   | Became a worshipper of the Wu Jian Council
 68150 | Temple   | Fell from the grace of Wu Jian
 68150 | Temple   | Became a worshipper of Qazlal Stormbringer
 68201 | Temple   | Fell from the grace of Qazlal
 68201 | Temple   | Became a worshipper of Zin the Law-Giver
 68201 | Temple   | Reached * piety under Zin
 68201 | Temple   | Reached ** piety under Zin
 68202 | Temple   | Donated 1576 gold pieces to Zin
 68213 | Temple   | Noticed a shard shrike
 68213 | Temple   | Noticed a shard shrike
 68219 | Temple   | Killed a shard shrike
 68228 | D:5      | Reached *** piety under Zin
 68350 | D:5      | Reached **** piety under Zin
 68467 | D:7      | XOM: medium Erth miscast
 68509 | D:9      | Reached ***** piety under Zin
 68522 | D:9      | XOM: noise
 69047 | D:14     | XOM: medium Erth miscast
 69117 | Depths:2 | Was forgiven by Trog
 69223 | Zot:1    | XOM: noise
 69223 | Zot:1    | Entered Level 1 of the Realm of Zot
 69374 | Zot:1    | Reached XP level 26. HP: 188/188 MP: 34/34
 69521 | Zot:1    | Noticed a shard shrike
 69524 | Zot:1    | HP: 82/188 [shard shrike[the adversity of Qazlal] (54)]
 69529 | Zot:1    | HP: 64/188 [iron dragon[the adversity of Qazlal] (7)]
 69531 | Zot:1    | Killed a shard shrike
 69539 | Zot:1    | HP: 57/188 [iron dragon[the adversity of Qazlal] (5)]
 69545 | Zot:1    | HP: 44/188 [white draconian/chilling blast (8)]
 69561 | Zot:1    | HP: 56/188 [white draconian/battleaxe (10)]
 69570 | Zot:1    | Noticed Tiamat
 69599 | Zot:1    | HP: 138/282 [white draconian shifter/short sword[Tiamat] (6)]
 69611 | Zot:1    | HP: 88/188 [yellow draconian/glob of acid[Tiamat] (7)]
 69616 | Zot:1    | HP: 43/188 [Tiamat/glaive of chopping (20)]
 69621 | Zot:1    | HP: 53/188 [red draconian][Tiamat] (4)]
 69628 | Zot:1    | HP: 37/188 [acid[Tiamat] (11)]
 69633 | Zot:1    | HP: 18/188 [Tiamat/glaive of chopping (26)]
 69643 | Zot:1    | HP: 50/188 [acid (15)]
 69700 | Zot:1    | HP: 60/188 [storm dragon[the adversity of Qazlal] (11)]
 69712 | Zot:1    | HP: 60/188 [storm dragon/bolt of lightning[the adversity of Qazlal] (2)]
 69726 | Zot:1    | HP: 40/188 [iron dragon[the adversity of Qazlal] (8)]
 69995 | Zot:1    | Gained mutation: You occasionally shout uncontrollably at your foes. [a cacodemon]
 70095 | Zot:1    | XOM: harmless Air miscast
 70501 | Zot:1    | XOM: harmless Pois miscast
 70559 | Zot:2    | HP: 86/188 [Tiamat/glaive of chopping (11)]
 70572 | Zot:2    | HP: 62/188 [Tiamat/glaive of chopping (21)]
 70574 | Zot:2    | Killed Tiamat
 70648 | Zot:2    | XOM: harmless Tmut miscast
 71301 | Zot:2    | Was forgiven by Qazlal
 71415 | Zot:1    | XOM: silly message
 71567 | Zot:1    | Got a scorched bardiche {drain}
 71571 | Zot:1    | XOM: noise
 71640 | Zot:1    | XOM: noise
 72290 | Zot:1    | XOM: silly message
 72290 | Zot:1    | Was forgiven by Xom
 72847 | Zot:1    | Was forgiven by Makhleb
 73088 | Zot:2    | Got a scorched platinum ring
 73266 | Zot:2    | Was forgiven by Wu Jian
 74429 | Zot:2    | Was forgiven by Sif Muna
 74441 | Zot:2    | Reached XP level 27. HP: 168/193 MP: 37/37
 75494 | Temple   | Fell from the grace of Zin
 75494 | Temple   | Became a worshipper of the Shining One
 75494 | Temple   | Reached * piety under the Shining One
 75705 | D:6      | Gained mutation: Your movements are slightly less encumbered by armour. (ER -2) [evolution]
 75705 | D:6      | Lost mutation: You evolve. [end of evolution]
 76002 | Crypt:1  | Entered Level 1 of the Crypt
 76046 | Crypt:1  | Reached ** piety under the Shining One
 76136 | Crypt:1  | Reached *** piety under the Shining One
 76297 | Crypt:1  | Reached **** piety under the Shining One
 76399 | Crypt:1  | Identified the ring "Imodeh" {rElec rPois rF+ Int-3 Dex+3} (You took it off a purple draconian on level 2 of the Realm of Zot)
 76694 | Crypt:2  | Reached ***** piety under the Shining One
 77011 | Crypt:2  | Reached ****** piety under the Shining One
 77483 | Crypt:3  | Entered Level 3 of the Crypt
 77681 | Crypt:3  | Identified a +9 broad axe of holy wrath (a +9 broad axe of freezing blessed by the Shining One)
 77681 | Crypt:3  | Received a gift from the Shining One
 77745 | Crypt:3  | Found a staircase to the Tomb.
 77781 | Crypt:3  | Identified the Compendium of Sinister Magic
 77866 | Crypt:3  | Found an ancient bone altar of Kikubaaqudgha.
 78033 | Crypt:3  | Noticed an ancient lich
 78033 | Crypt:3  | Noticed an ancient lich
 78041 | Crypt:3  | Killed an ancient lich
 78052 | Crypt:3  | Killed an ancient lich
 78056 | Crypt:3  | Got a steaming spear
 78109 | Crypt:3  | Got a translucent diamond amulet
 78109 | Crypt:3  | Got a faintly glowing silver ring
 78109 | Crypt:3  | Got a slimy jade ring
 78123 | Crypt:3  | Identified the amulet "Vovigau" {Regen+ Dex+8} (You found it on level 3 of the Crypt)
 78142 | Crypt:3  | Identified the ring of Wuna {rF- rC+++ rN+ MP+9 Str+4} (You found it on level 3 of the Crypt)
 78143 | Crypt:3  | Identified the ring "Jolim" {rC+ rN+} (You found it on level 3 of the Crypt)
 79168 | Crypt:3  | Identified the Catalogue of Dusty Enhancements
 79170 | Crypt:3  | Identified the Tome of Weightlessness and Talismans
 79773 | Slime:1  | Entered Level 1 of the Pits of Slime
 80095 | Slime:4  | Gained mutation: You have a pair of small horns on your head. [a shining eye]
 80109 | Slime:4  | Gained mutation: Armour fits poorly on your strangely shaped body. [a shining eye]
 80111 | Slime:4  | Gained mutation: [You are weak. (Str -2)] [a shining eye]
 80112 | Slime:4  | Gained mutation: You tend to lose your temper in combat. [a shining eye]
 80114 | Slime:4  | Lost mutation: You have supernaturally acute eyesight. (SInv) [a shining eye]
 80146 | Slime:5  | Entered Level 5 of the Pits of Slime
 80268 | Slime:5  | Gained mutation: Your body sometimes deteriorates upon taking damage. [a shining eye]
 80401 | Slime:5  | Found a viscous altar of Jiyva.
 80402 | Slime:5  | Noticed the Royal Jelly
 80464 | Slime:5  | HP: 94/193 [acid blob/splash of acid[the Royal Jelly] (6)]
 81405 | Slime:4  | Lost mutation: Your mind is very acute. (Int +4) [a shining eye]
 81406 | Slime:4  | HP: 95/193 [acid (11)]
 81834 | Slime:5  | HP: 95/193 [acid (7)]
 82214 | Slime:5  | Killed the Royal Jelly
 82215 | Slime:5  | HP: 96/193 [azure jelly[the Royal Jelly] (6)]
 82220 | Slime:5  | HP: 66/193 [acid[the Royal Jelly] (2)]
 82246 | Slime:5  | Identified Sif Muna's Papyrus of Translocation and Transmutation
 82261 | Slime:5  | Got a warped chain mail
 82264 | Slime:5  | Identified the +0 chain mail of the Rabble {rN+ Regen+ Int+2 Dex+3} (You found it on level 5 of the Pits of Slime)
 82269 | Slime:5  | Got a crude mace
 82324 | Slime:5  | Got a bloodstained plate armour
 82325 | Slime:5  | Identified the +8 plate armour of Indomitability {rF+ Int+4} (You found it on level 5 of the Pits of Slime)
 82359 | Slime:5  | Got a slimy rune of Zot
 82976 | Depths:1 | Lost mutation: You occasionally shout uncontrollably at your foes. [potion of mutation]
 82976 | Depths:1 | Lost mutation: Your movements are slightly less encumbered by armour. (ER -2) [potion of mutation]
 82976 | Depths:1 | Lost mutation: [You are weak. (Str -2)] [potion of mutation]
 82976 | Depths:1 | Gained mutation: You are frail. (-10% HP) [potion of mutation]
 82976 | Depths:1 | Gained mutation: You expend magic power (3 MP) to strengthen your wands. [potion of mutation]
 82976 | Depths:1 | Gained mutation: Your flesh is cold resistant. (rC+) [potion of mutation]
 82977 | Depths:1 | Lost mutation: You expend magic power (3 MP) to strengthen your wands. [potion of mutation]
 82977 | Depths:1 | Lost mutation: You have a pair of small horns on your head. [potion of mutation]
 82977 | Depths:1 | Gained mutation: You have sharp toenails. [potion of mutation]
 82978 | Depths:1 | Lost mutation: Your body sometimes deteriorates upon taking damage. [potion of mutation]
 82978 | Depths:1 | Lost mutation: Your flesh is cold resistant. (rC+) [potion of mutation]
 82978 | Depths:1 | Lost mutation: You are frail. (-10% HP) [potion of mutation]
 82978 | Depths:1 | Lost mutation: You tend to lose your temper in combat. [potion of mutation]
 82978 | Depths:1 | Gained mutation: You are robust. (+10% HP) [potion of mutation]
 82978 | Depths:1 | Gained mutation: Your mind is very acute. (Int +4) [potion of mutation]
 82979 | Depths:1 | Lost mutation: Your mind is very acute. (Int +4) [potion of mutation]
 82979 | Depths:1 | Lost mutation: You are robust. (+10% HP) [potion of mutation]
 82979 | Depths:1 | Gained mutation: You possess an exceptional clarity of mind. [potion of mutation]
 82979 | Depths:1 | Gained mutation: You have supernaturally acute eyesight. (SInv) [potion of mutation]
 82979 | Depths:1 | Gained mutation: Your movements are slightly less encumbered by armour. (ER -2) [potion of mutation]
 82980 | Depths:1 | Lost mutation: Armour fits poorly on your strangely shaped body. [potion of mutation]
 82980 | Depths:1 | Lost mutation: You are agile. (Dex +2) [potion of mutation]
 82980 | Depths:1 | Lost mutation: Your mind is acute. (Int +2) [potion of mutation]
 82980 | Depths:1 | Lost mutation: You possess an exceptional clarity of mind. [potion of mutation]
 82980 | Depths:1 | Gained mutation: You are agile. (Dex +2) [potion of mutation]
 83169 | Pan      | Entered Pandemonium
 83262 | Pan      | Gained mutation: You are dopey. (Int -2) [a neqoxec]
 83271 | Pan      | Gained mutation: You are very dopey. (Int -4) [a neqoxec]
 83286 | Pan      | Gained mutation: Your body sometimes deteriorates upon taking damage. [a neqoxec]
 83560 | Pan      | Noticed Hakly the pandemonium lord
 83581 | Pan      | Killed Hakly the pandemonium lord
 83763 | Pan      | Found a huge runed gate.
 83799 | Pan      | Entered the realm of Mnoleg.
 83808 | Pan      | Reached skill level 27 in Invocations
 83907 | Pan      | Gained mutation: You occasionally shout uncontrollably at your foes. [a cacodemon]
 84168 | Pan      | Gained mutation: [Your magical capacity is low. (-10% MP)] [a cacodemon]
 84169 | Pan      | Gained mutation: [You do not regenerate when monsters are visible.] [a cacodemon]
 84200 | Pan      | Gained mutation: You tend to lose your temper in combat. [a cacodemon]
 84289 | Pan      | Gained mutation: [Your magical capacity is very low. (-20% MP)] [a neqoxec]
 84295 | Pan      | Gained mutation: Your body often deteriorates upon taking damage. [a neqoxec]
 84426 | Pan      | Lost mutation: You are agile. (Dex +2) [a cacodemon]
 84478 | Pan      | Gained mutation: [Your magical capacity is extremely low. (-30% MP)] [a neqoxec]
 84628 | Pan      | Noticed Mnoleg
 84659 | Pan      | Killed Mnoleg
 84684 | Pan      | Got a glowing rune of Zot
 84852 | Pan      | Gained mutation: [You are weak. (Str -2)] [a neqoxec]
 84911 | Pan      | Gained mutation: Your spells are a little easier to cast, but a little less powerful. [a neqoxec]
 85038 | Pan      | Paralysed by accursed screaming for 1 turns
 85059 | Pan      | Noticed Uthronn the pandemonium lord
 85074 | Pan      | Killed Uthronn the pandemonium lord
 85236 | Pan      | Entered the realm of Cerebov.
 85450 | Pan      | Noticed Cerebov
 85460 | Pan      | HP: 98/196 [??? (19)]
 85725 | Pan      | Got a colourful robe
 85759 | Pan      | HP: 72/196 [Cerebov/great blast of fire (28)]
 85763 | Pan      | Killed Cerebov
 86103 | Pan      | Got a translucent brass amulet
 86104 | Pan      | Identified the amulet "Ozxeut" {Reflect rC+ rN+ MP+9 SH+3} (You found it in Pandemonium)
 86141 | Pan      | Got a shimmering dagger
 86157 | Pan      | Got a wavering golden ring
 86159 | Pan      | Got a faintly glowing ivory ring
 86160 | Pan      | Identified the ring of Beauty {Ice -Tele rElec Dex+2} (You found it in Pandemonium)
 86161 | Pan      | Identified the ring of Teaceh {rF+ rC+ rN+ Str-2 Int+2} (You found it in Pandemonium)
 86188 | Pan      | Got a transparent hand axe
 86212 | Pan      | Got a fiery rune of Zot
 86253 | Pan      | Entered the realm of Gloorx Vloq.
 86432 | Pan      | Noticed Gloorx Vloq
 86437 | Pan      | HP: 86/197 [??? (17)]
 87061 | Pan      | Killed Gloorx Vloq
 87259 | Pan      | Got a dark rune of Zot
 87481 | Pan      | Lost mutation: You occasionally shout uncontrollably at your foes. [a cacodemon]
 87565 | Pan      | Entered the realm of Lom Lobon.
 87615 | Pan      | Got a warped large shield
 87626 | Pan      | Identified the +0 large shield of Tobif {Int+2 Dex+7} (You acquired it in Pandemonium)
 87710 | Pan      | Got a pitted shortbow
 87770 | Pan      | Reached skill level 27 in Fighting
 87946 | Pan      | Noticed Lom Lobon
 87988 | Pan      | HP: 91/199 [Lom Lobon/tornado (11)]
 87993 | Pan      | Found an exit through the horrors of the Abyss.
 87993 | Pan      | HP: 49/199 [smoke demon/divine providence (14)]
 87999 | Pan      | HP: 42/199 [sixfirhy (7)]
 88008 | Pan      | HP: 71/199 [smoke demon/divine providence (14)]
 88698 | Pan      | HP: 91/199 [Lom Lobon (16)]
 88703 | Pan      | Got a magical rune of Zot
 89135 | Pan      | HP: 87/199 [??? (17)]
 89146 | Pan      | HP: 84/199 [??? (17)]
 89148 | Pan      | Noticed Yda Focw the pandemonium lord
 89158 | Pan      | HP: 94/199 [fire dragon/blast of flame[Yda Focw] (2)]
 89161 | Pan      | Killed Yda Focw the pandemonium lord
 89333 | Pan      | Found an exit through the horrors of the Abyss.
 89571 | Pan      | HP: 91/199 [Hell Sentinel/damnation (56)]
 89574 | Pan      | Noticed Cuih the pandemonium lord
 89592 | Pan      | Killed Cuih the pandemonium lord
 90314 | Pan      | Found an exit through the horrors of the Abyss.
 90584 | Pan      | Noticed Lom Lobon
 90604 | Pan      | Gained mutation: Armour fits poorly on your strangely shaped body. [a neqoxec]
 90869 | Pan      | Noticed Lom Lobon
 91062 | Pan      | Gained mutation: [You are clumsy. (Dex -2)] [a cacodemon]
 91146 | Pan      | HP: 74/199 [hellion/damnation (28)]
 91508 | Pan      | Noticed Yziezxuv the pandemonium lord
 91526 | Pan      | Killed Yziezxuv the pandemonium lord
 91574 | Depths:3 | Escaped Pandemonium
 91609 | Pan      | Entered Pandemonium
 91731 | Pan      | Found an exit through the horrors of the Abyss.
 92365 | Pan      | Noticed Lom Lobon
 92604 | Pan      | HP: 96/199 [daeva/divine providence (13)]
 92606 | Pan      | HP: 46/199 [daeva/divine providence (11)]
 92614 | Pan      | HP: 53/298 [daeva/long sword of holy wrath (6)]
 92620 | Pan      | HP: 16/298 [daeva/divine providence (13)]
 93043 | Pan      | Gained mutation: You occasionally shout uncontrollably at your foes. [a cacodemon]
 93097 | Pan      | Noticed Gyim the pandemonium lord
 93116 | Pan      | HP: 97/199 [infernal warmonger/glaive of venom (3)]
 93120 | Pan      | Killed Gyim the pandemonium lord
 93125 | Pan      | HP: 94/199 [??? (19)]
 93195 | Pan      | Noticed Ochiacwo the pandemonium lord
 93204 | Pan      | Killed Ochiacwo the pandemonium lord
 93256 | Pan      | Got a demonic rune of Zot
 93416 | Pan      | Noticed Mennas
 93442 | Pan      | Killed Mennas
 93728 | Pan      | Found an exit through the horrors of the Abyss.
 93810 | Pan      | Took an exit into the Abyss.
 93810 | Abyss:1  | Escaped into the Abyss
 93818 | Abyss:1  | Found a corrupted altar of Lugonu.
 93829 | Abyss:1  | Paralysed by accursed screaming for 2 turns
 93868 | Abyss:1  | Found a corrupted altar of Lugonu.
 93873 | Abyss:1  | Paralysed by accursed screaming for 1 turns
 93890 | Abyss:1  | Found a transporter.
 93890 | Abyss:1  | Identified the Volume of Poisoning
 93892 | Abyss:1  | HP: 97/199 [starcursed mass/accursed screaming (8)]
 93894 | Abyss:1  | Found a transporter.
 93897 | Abyss:1  | Identified the Tome of Earthen Boosts
 93916 | Abyss:1  | Got a vibrating brass ring
 93919 | Abyss:1  | Identified the ring of Benevolence {*Slow rF+ Int+4 Slay+1} (You found it on level 1 of the Abyss)
 93978 | Depths:3 | Escaped the Abyss
 94151 | Pan      | Entered Pandemonium
 94208 | Pan      | HP: 98/199 [balrug/fireball (4)]
 94215 | Pan      | HP: 98/199 [sun demon[a balrug] (3)]
 94226 | Pan      | Noticed Oddofoxt the pandemonium lord
 94441 | Pan      | Killed Oddofoxt the pandemonium lord
 95254 | Pan      | Found a runed door.
 95261 | Pan      | Found a runed door.
 95262 | Pan      | Found a runed door.
 95267 | Pan      | Noticed Jausunn the pandemonium lord
 95270 | Pan      | Found a runed door.
 95281 | Pan      | Killed Jausunn the pandemonium lord
 95293 | Depths:3 | Escaped Pandemonium
 95358 | Depths:4 | Voluntarily entered the Abyss.
 95615 | Abyss:2  | Gained mutation: You sometimes yell uncontrollably at your foes. [a neqoxec]
 95823 | Abyss:2  | Found a burning altar of Makhleb.
 95957 | Abyss:3  | Identified the Catalogue of the Blaze
 95964 | Abyss:3  | Found a deep blue altar of Sif Muna.
 95975 | Abyss:3  | Identified Nenosih's Volume of Attacks
 95990 | Abyss:3  | Identified Sif Muna's Guide on Hexes
 96006 | Abyss:3  | Found a deep blue altar of Sif Muna.
 96007 | Abyss:3  | Identified the Volume of Liberalism
 96032 | Abyss:3  | Identified the Disquisition on Changing
 96037 | Abyss:3  | Identified the Catalogue of Attacks
 96042 | Abyss:3  | Identified Sif Muna's Incunabulum of the Volcanoes
 96053 | Abyss:3  | Found a deep blue altar of Sif Muna.
 96294 | Abyss:3  | Found a corrupted altar of Lugonu.
 96760 | Abyss:3  | Gained mutation: [You are very weak. (Str -4)] [a neqoxec]
 96765 | Abyss:3  | Got an abyssal rune of Zot
 97102 | Abyss:3  | Found a corrupted altar of Lugonu.
 97135 | Abyss:3  | Reached skill level 15 in Dodging
 97195 | Depths:4 | Escaped the Abyss
 97228 | Hell     | Entered the Vestibule of Hell
 97228 | Hell     | Noticed Geryon
 97247 | Hell     | Killed Geryon
 97402 | Hell     | Lost mutation: You have supernaturally acute eyesight. (SInv) [potion of mutation]
 97402 | Hell     | Lost mutation: You tend to lose your temper in combat. [potion of mutation]
 97402 | Hell     | Lost mutation: You sometimes yell uncontrollably at your foes. [potion of mutation]
 97402 | Hell     | Lost mutation: [Your magical capacity is extremely low. (-30% MP)] [potion of mutation]
 97402 | Hell     | Lost mutation: Your spells are a little easier to cast, but a little less powerful. [potion of mutation]
 97402 | Hell     | Lost mutation: Your movements are slightly less encumbered by armour. (ER -2) [potion of mutation]
 97402 | Hell     | Gained mutation: You possess an exceptional clarity of mind. [potion of mutation]
 97403 | Hell     | Lost mutation: You occasionally shout uncontrollably at your foes. [potion of mutation]
 97403 | Hell     | Lost mutation: [Your magical capacity is very low. (-20% MP)] [potion of mutation]
 97403 | Hell     | Lost mutation: You have sharp toenails. [potion of mutation]
 97403 | Hell     | Lost mutation: You possess an exceptional clarity of mind. [potion of mutation]
 97403 | Hell     | Gained mutation: You have supernaturally acute eyesight. (SInv) [potion of mutation]
 97403 | Hell     | Lost mutation: You are very dopey. (Int -4) [potion of mutation]
 97404 | Hell     | Lost mutation: Armour fits poorly on your strangely shaped body. [potion of mutation]
 97404 | Hell     | Lost mutation: [You are clumsy. (Dex -2)] [potion of mutation]
 97404 | Hell     | Lost mutation: [You do not regenerate when monsters are visible.] [potion of mutation]
 97404 | Hell     | Gained mutation: Your spells are a little harder to cast, but a little more powerful. [potion of mutation]
 97404 | Hell     | Gained mutation: You are partially covered in molten scales. (AC +2) [potion of mutation]
 97474 | Hell     | Found a gateway to the decaying netherworld of Tartarus.
 97558 | Hell     | Found a gateway to the freezing wastes of Cocytus.
 97767 | Hell     | Found a gateway to the Iron City of Dis.
 97832 | Hell     | Found a gateway to the ashen valley of Gehenna.
 97898 | Geh:1    | Entered Level 1 of Gehenna
 98411 | Geh:7    | Entered Level 7 of Gehenna
 98791 | Geh:7    | Noticed Asmodeus
 98821 | Geh:7    | Killed Asmodeus
 98826 | Geh:7    | Identified the Handbook of Earthen Poisoning
 98829 | Geh:7    | Got a faintly glowing morningstar
 98837 | Geh:7    | Got an obsidian rune of Zot
 98901 | Geh:7    | Got a sparkling ivory ring
 98902 | Geh:7    | Identified the ring of the Hippo {rCorr Dex+2 SInv} (You took it off a balrug on level 7 of Gehenna)
 98913 | Geh:7    | HP: 92/199 [hellion/damnation (21)]
 98924 | Geh:7    | HP: 88/199 [balrug/divine providence (13)]
 98935 | Geh:7    | HP: 98/199 [burnt (1)]
 98963 | Geh:7    | HP: 91/199 [??? (18)]
 99343 | Coc:1    | Entered Level 1 of Cocytus
100067 | Coc:7    | Entered Level 7 of Cocytus
100105 | Coc:7    | HP: 97/199 [blizzard demon/the air (16)]
100110 | Coc:7    | HP: 69/199 [??? (14)]
100115 | Coc:7    | HP: 60/199 [Ice Fiend/bolt of cold (10)]
100124 | Coc:7    | HP: 95/199 [ice dragon (3)]
100141 | Coc:7    | HP: 90/199 [??? (18)]
100146 | Coc:7    | HP: 80/199 [??? (16)]
100238 | Coc:7    | Noticed Antaeus
100241 | Coc:7    | HP: 97/199 [??? (19)]
100246 | Coc:7    | HP: 130/298 [Antaeus/flash freeze (13)]
100260 | Coc:7    | Killed Antaeus
100262 | Coc:7    | Got an iridescent eveningstar {freeze}
100263 | Coc:7    | Identified the cursed +2 eveningstar of Obsession {freeze, Dex+3} (You took it off Antaeus on level 7 of Cocytus)
100269 | Coc:7    | HP: 70/199 [the effects of Hell (25)]
100276 | Coc:7    | Got an icy rune of Zot
100284 | Coc:7    | Identified the Compendium of Changing and Calling
100335 | Coc:7    | HP: 85/199 [??? (17)]
100602 | Tar:1    | Entered Level 1 of Tartarus
101836 | Tar:6    | Lost mutation: Your spells are a little harder to cast, but a little more powerful. [potion of mutation]
101836 | Tar:6    | Lost mutation: Your body often deteriorates upon taking damage. [potion of mutation]
101836 | Tar:6    | Lost mutation: [Your magical capacity is low. (-10% MP)] [potion of mutation]
101836 | Tar:6    | Gained mutation: You are frail. (-10% HP) [potion of mutation]
101836 | Tar:6    | Gained mutation: You are partially covered in thin metallic scales. (AC +2) [potion of mutation]
101960 | Tar:6    | HP: 86/179 [???[a doom hound] (17)]
102202 | Tar:7    | Entered Level 7 of Tartarus
102689 | Tar:7    | Noticed Ereshkigal
102700 | Tar:7    | HP: 78/179 [Tzitzimitl/bolt of cold (14)]
102710 | Tar:7    | Killed Ereshkigal
102743 | Tar:7    | Got a heavy robe
102746 | Tar:7    | Got a pair of jewelled boots
102747 | Tar:7    | Identified the +2 pair of boots "Asugogh" {rN++} (You found it on level 7 of Tartarus)
102776 | Tar:7    | Got a bone rune of Zot
103002 | Dis:1    | Entered Level 1 of the Iron City of Dis
103579 | Dis:4    | HP: 87/179 [??? (17)]
103594 | Dis:4    | HP: 85/179 [??? (17)]
103675 | Dis:4    | Reached skill level 27 in Armour
103710 | Dis:4    | HP: 83/179 [iron giant/ancient champion (10)]
103720 | Dis:4    | HP: 73/179 [ancient champion/enchanted battleaxe (16)]
104167 | Dis:7    | Entered Level 7 of the Iron City of Dis
104530 | Dis:7    | Noticed the Serpent of Hell
104538 | Dis:7    | Gained mutation: Potions are less effective at restoring your health. [a cacodemon]
104541 | Dis:7    | Gained mutation: Potions are poor at restoring your health. [a cacodemon]
104558 | Dis:7    | Killed the Serpent of Hell
104592 | Dis:7    | HP: 89/179 [Hell Sentinel's spines (8)]
104600 | Dis:7    | HP: 60/179 [Hell Sentinel/damnation (36)]
104644 | Dis:7    | HP: 72/179 [Brimstone Fiend/damnation (27)]
104708 | Dis:7    | Noticed Dispater
104714 | Dis:7    | Found the amulet of Vitality {Regen+ HP+15}
104714 | Dis:7    | Found the +8 autumn katana {slice, Clar}
104719 | Dis:7    | Got an iron rune of Zot
104728 | Dis:7    | HP: 81/179 [Dispater/damnation (28)]
104741 | Dis:7    | HP: 71/179 [???[Dispater] (14)]
104743 | Dis:7    | Killed Dispater
104801 | Dis:7    | HP: 81/179 [Hell Sentinel's spines (11)]
104805 | Dis:7    | HP: 38/179 [Hell Sentinel/damnation (44)]
104814 | Dis:7    | HP: 44/179 [??? (8)]
104821 | Dis:7    | HP: 42/179 [??? (8)]
105203 | Orc:2    | Bought a potion of heal wounds for 60 gold pieces
105203 | Orc:2    | Bought a potion of mutation for 96 gold pieces
105203 | Orc:2    | Bought a potion of might for 48 gold pieces
105203 | Orc:2    | Bought a potion of berserk rage for 60 gold pieces
105203 | Orc:2    | Bought a potion of haste for 120 gold pieces
105203 | Orc:2    | Lost mutation: You are dopey. (Int -2) [potion of mutation]
105203 | Orc:2    | Lost mutation: You are frail. (-10% HP) [potion of mutation]
105203 | Orc:2    | Lost mutation: [You are very weak. (Str -4)] [potion of mutation]
105203 | Orc:2    | Gained mutation: You evolve. [potion of mutation]
105203 | Orc:2    | Gained mutation: You passively map a small area around you. [potion of mutation]
105252 | Orc:2    | Bought a potion of cancellation for 96 gold pieces
105602 | Zot:1    | Lost mutation: Your body sometimes deteriorates upon taking damage. [evolution]
105733 | Zot:3    | Noticed an orb of fire
105734 | Zot:3    | Noticed an orb of fire
105734 | Zot:3    | Gained mutation: Armour fits poorly on your strangely shaped body. [an orb of fire]
105735 | Zot:3    | Gained mutation: [Your magical capacity is low. (-10% MP)] [an orb of fire]
105737 | Zot:3    | Gained mutation: [You are very weak. (Str -4)] [an orb of fire]
105748 | Zot:3    | Killed an orb of fire
105751 | Zot:3    | Gained mutation: [Your magical capacity is very low. (-20% MP)] [an orb of fire]
105754 | Zot:3    | Killed an orb of fire
107071 | Zot:5    | Entered Level 5 of the Realm of Zot
107400 | Zot:5    | HP: 99/199 [acid (15)]
107402 | Zot:5    | Noticed an orb of fire
107423 | Zot:5    | HP: 97/199 [acid (10)]
107433 | Zot:5    | HP: 92/199 [acid (9)]
107442 | Zot:5    | HP: 73/199 [acid (12)]
107447 | Zot:5    | HP: 59/199 [acid (16)]
107939 | Zot:5    | HP: 91/199 [acid (13)]
108068 | Zot:5    | Noticed an ancient lich
108078 | Zot:5    | Killed an ancient lich
108094 | Zot:5    | Noticed an ancient lich
108110 | Zot:5    | Killed an ancient lich
108218 | Zot:5    | Noticed an ancient lich
108233 | Zot:5    | Killed an ancient lich
108436 | Zot:5    | Noticed an orb of fire
108456 | Zot:5    | Gained mutation: [You are occasionally teleported next to monsters.] [an orb of fire]
108458 | Zot:5    | HP: 97/199 [orb of fire/bolt of fire (6)]
108467 | Zot:5    | Gained mutation: You occasionally shout uncontrollably at your foes. [an orb of fire]
108472 | Zot:5    | HP: 82/199 [orb of fire/fireball (3)]
108479 | Zot:5    | Killed an orb of fire
108581 | Zot:5    | Noticed an orb of fire
108584 | Zot:5    | HP: 96/199 [yellow draconian stormcaller/divine providence (15)]
108589 | Zot:5    | HP: 83/199 [death cob (6)]
108620 | Zot:4    | Lost mutation: [Your magical capacity is very low. (-20% MP)] [evolution]
108875 | Zot:5    | Noticed an orb of fire
108876 | Zot:5    | Noticed an orb of fire
108876 | Zot:5    | Gained mutation: Your spells are a little easier to cast, but a little less powerful. [an orb of fire]
108877 | Zot:5    | Gained mutation: Your spells are easier to cast, but less powerful. [an orb of fire]
108880 | Zot:5    | Gained mutation: You are frail. (-10% HP) [an orb of fire]
109061 | Zot:5    | Gained mutation: Your body sometimes deteriorates upon taking damage. [an orb of fire]
109079 | Zot:5    | Gained mutation: You are dopey. (Int -2) [an orb of fire]
109084 | Zot:5    | Gained mutation: You are very dopey. (Int -4) [an orb of fire]
109092 | Zot:5    | Gained mutation: You tend to lose your temper in combat. [an orb of fire]
109098 | Zot:5    | Killed an orb of fire
109098 | Zot:5    | Gained mutation: [Your magical capacity is very low. (-20% MP)] [an orb of fire]
109099 | Zot:5    | Lost mutation: You are partially covered in thin metallic scales. (AC +2) [an orb of fire]
109100 | Zot:5    | Killed an orb of fire
109101 | Zot:5    | Killed an orb of fire
109167 | Zot:5    | Noticed an orb of fire
109168 | Zot:5    | Gained mutation: You are very frail. (-20% HP) [an orb of fire]
109187 | Zot:5    | Killed an orb of fire
109198 | Zot:5    | Noticed an ancient lich
109211 | Zot:5    | Killed an ancient lich
109220 | Zot:5    | HP: 62/159 [disintegration (85)]
109434 | Zot:5    | Gained mutation: Your spells are much easier to cast, but much less powerful. [an orb of fire]
109435 | Zot:5    | Noticed an orb of fire
109435 | Zot:5    | Gained mutation: Your body often deteriorates upon taking damage. [an orb of fire]
109453 | Zot:5    | Killed an orb of fire
109782 | Zot:5    | Noticed an orb of fire
109791 | Zot:5    | Gained mutation: [Your magical capacity is extremely low. (-30% MP)] [an orb of fire]
109800 | Zot:5    | Killed an orb of fire
109800 | Zot:5    | Reached skill level 27 in Axes
110134 | Zot:5    | Killed an orb of fire
110253 | Zot:5    | Lost mutation: [You are very weak. (Str -4)] [potion of mutation]
110253 | Zot:5    | Lost mutation: [Your magical capacity is extremely low. (-30% MP)] [potion of mutation]
110253 | Zot:5    | Lost mutation: You are very frail. (-20% HP) [potion of mutation]
110253 | Zot:5    | Lost mutation: You evolve. [potion of mutation]
110253 | Zot:5    | Lost mutation: You tend to lose your temper in combat. [potion of mutation]
110392 | Zig:1    | Entered Level 1 of a ziggurat
110410 | Zig:2    | Entered Level 2 of a ziggurat
110437 | Zig:3    | Entered Level 3 of a ziggurat
110634 | Zig:4    | Entered Level 4 of a ziggurat
110672 | Zig:4    | Got an ichor-stained leather armour
110692 | Zig:5    | Entered Level 5 of a ziggurat
110707 | Zig:5    | Found the +8 orange crystal plate armour {Archmagi, Int+3 Clar}
110750 | Zig:5    | Identified the Reference Book on Destructive Orientation
110754 | Zig:6    | Entered Level 6 of a ziggurat
110795 | Zig:6    | Got a transparent dagger
110806 | Zig:7    | Entered Level 7 of a ziggurat
110812 | Zig:7    | Noticed Gihia the pandemonium lord
110838 | Zig:7    | Killed Gihia the pandemonium lord
110856 | Zig:8    | Entered Level 8 of a ziggurat
110915 | Zig:8    | Got a bound amber ring
110919 | Zig:8    | Identified the ring "Wieziss" {rN+ Str+5 Dex+2} (You found it on level 8 of a ziggurat)
110930 | Zig:9    | Entered Level 9 of a ziggurat
111053 | Zig:9    | Got an ancient granite ring
111054 | Zig:9    | Identified the ring "Timna" {Wiz Dex+7} (You found it on level 9 of a ziggurat)
111062 | Zig:10   | Entered Level 10 of a ziggurat
111185 | Zig:10   | Got a fine quick blade
111190 | Zig:11   | Entered Level 11 of a ziggurat
111210 | Zig:11   | Noticed Pupneq the pandemonium lord
111221 | Zig:11   | HP: 71/179 [titanic slime creature[an infernal corrupter] (23)]
111221 | Zig:11   | HP: 34/179 [Pupneq the pandemonium lord (37)]
111222 | Zig:11   | HP: 15/179 [Pupneq the pandemonium lord (14)]
111222 | Zig:11   | Splashed by an acid blob's acid

Skill      XL: |  1  2  3  4  5  6  7  8  9 10 11 12 13 14 15 16 17 18 19 20 21 22 23 24 25 26 27 |
---------------+----------------------------------------------------------------------------------+-----
Axes           | 2 3 4 5 6 7 10 11 12 13 14 15 16 17 18 27 | 27.0
Fighting       | 4 5 6 8 9 10 11 12 13 14 15 17 18 20 21 23 24 25 27 | 27.0
Invocations    | 3 4 5 7 8 10 11 12 13 14 15 20 27 | 27.0
Armour         | 3 4 6 8 9 10 11 12 14 15 16 17 18 19 20 27 | 27.0
Dodging        | 2 4 5 6 7 9 10 23 | 23.9
Shields        | 3 5 11 12 13 15 16 17 18 19 25 | 25.0

Action                   |  1- 3 |  4- 6 |  7- 9 | 10-12 | 13-15 | 16-18 | 19-21 | 22-24 | 25-27 || total
-------------------------+-------+-------+-------+-------+-------+-------+-------+-------+-------++-------
Melee: Hand axe          |   114 |   299 |    50 |       |    10 |       |       |       |       ||   473
       War axe           |       |       |   471 |    94 |       |       |       |       |       ||   565
       Battleaxe         |       |       |       |   649 |  1298 |       |       |       |       ||  1947
       Flail             |       |       |       |    33 |    35 |       |       |       |       ||    68
       Unarmed           |       |       |       |       |     3 |       |       |       |       ||     3
       Broad axe         |       |       |       |       |    75 |  1393 |  1653 |  2187 |  9241 || 14549
       Headbutt          |       |       |       |       |       |       |       |       |   101 ||   101
Throw: Throwing net      |       |       |       |     2 |       |       |       |       |     2 ||     4
Invok: Banish            |       |       |     1 |     2 |     8 |       |       |       |       ||    11
       Bend Space        |       |       |       |       |     5 |       |       |       |       ||     5
       Corrupt           |       |       |       |       |       |     1 |       |       |       ||     1
       Trog's Hand       |       |       |       |       |       |       |     2 |       |       ||     2
       Greater Servant o |       |       |       |       |       |       |       |       |     2 ||     2
       Donate Gold       |       |       |       |       |       |       |       |       |     1 ||     1
       Recite            |       |       |       |       |       |       |       |       |     2 ||     2
       Sanctuary         |       |       |       |       |       |       |       |       |     1 ||     1
       Cleansing Flame   |       |       |       |       |       |       |       |       |    28 ||    28
       Summon Divine War |       |       |       |       |       |       |       |       |    15 ||    15
       Divine Shield     |       |       |       |       |       |       |       |       |     2 ||     2
       Brand Weapon With |       |       |       |       |       |       |       |       |     1 ||     1
 Abil: Fly               |       |       |       |       |     2 |       |       |     1 |       ||     3
       Stop Flying       |       |       |       |       |     1 |       |       |     1 |       ||     2
Evoke: Wand              |       |       |       |       |     1 |     2 |       |       |     3 ||     6
  Use: Scroll            |       |       |       |       |       |    52 |     4 |     9 |    60 ||   125
       Potion            |       |       |       |       |       |       |       |     5 |    43 ||    48
 Stab: Held in net/web   |       |       |       |     2 |       |       |       |       |       ||     2
       Distracted        |       |       |       |       |       |       |     1 |     2 |     1 ||     4
       Petrified         |       |       |       |       |       |       |       |     1 |       ||     1
  Eat: Chunk             |     2 |     9 |    16 |    25 |    38 |    17 |    14 |    18 |    44 ||   183
       Ration            |       |     2 |     3 |     2 |     5 |     6 |     7 |     7 |    36 ||    68
Armor: Leather armour    |    64 |    67 |       |       |       |       |       |       |       ||   131
       Chain mail        |       |   106 |   402 |    86 |       |       |       |       |       ||   594
       Plate armour      |       |       |       |   594 |   817 |       |       |       |       ||  1411
       Ice dragon scales |       |       |       |       |   241 |   363 |       |       |       ||   604
       Crystal plate arm |       |       |       |       |       |   754 |   991 |  1675 |  4801 ||  8221
Dodge: Dodged            |    97 |   101 |   222 |   286 |   605 |   363 |   166 |   386 |  1998 ||  4224
Block: Other             |     2 |    66 |   182 |   259 |   398 |       |       |       |       ||   907
       Reflection        |       |       |     6 |     5 |    14 |   173 |    90 |    73 |   189 ||   550
       Buckler           |       |       |       |       |    21 |   315 |       |       |       ||   336
       Large shield      |       |       |       |       |       |  1169 |  1678 |  2617 | 10084 || 15548

Vault maps used:
D:1:      minmay_arrival_doors
D:2:      hangedman_glass_teeth, tso_altar
D:3:      elyvilon_altar_5
D:4:      first_ration, cheibriados_altar_1
D:5:      corexii_shack_village, minmay_temple_entry_fiery, serial_shops, shop,
          grunt_ministairs_10, sigmund_army, uniq_prince_ribbit1
D:7:      cheibrodos_shockbox, evilmike_ruin_ashenzari, uniq_joseph
D:8:      overflow_temple_1_default, fedhas_altar_1, erik_lair_island
D:9:      hangedman_ranch
D:10:     serial_shops, kennysheep_mini_moat, minmay_checkerbox, uniq_nergalle,
          uniq_sonja, uniq_gastronok, uniq_psyche
D:11:     orc_0_dummy, nicolae_qazlal_eye_of_the_storm
D:12:     basic_altar, serial_ice, serial_ice_m, serial_ice_b, serial_ice_j,
          serial_ice_e, portal_ice_cave_entry_ice_beasts, serial_shops,
          nicolae_shop_stone, uniq_josephine
D:13:     minmay_elf_outpost, uniq_nessos
D:14:     david_vaults_4, ebering_ghost_funeral_grove, nicolae_lava_and_water,
          eino_jars
D:15:     grunt_enter_depths_snipers, serial_column_ruins,
          column_ruins_hut_ruined, column_ruins_columns_straight,
          column_ruins_grid_4, column_ruins_open_medium,
          column_ruins_columns_corner, column_ruins_grid_1, column_ruins_grid_4,
          minmay_large_rounded_square
Temple:   regret_index_temple_mists
Lair:1:   grunt_megastairs_5, lemuel_fruit_tree, serial_bayou_shore_a
Lair:2:   kb_forest_paths, minmay_swamp_entry_worms,
          guppyfry_snake_entry_island, zaba_antful_of_joy
Lair:3:   basic_altar, lemuel_fruit_fields, grunt_megastairs_3
Lair:4:   hangedman_lair_generics_rect
Lair:5:   kennysheep_rathole, uniq_kirke, uniq_snorg
Lair:6:   due_jungle_book, slime_altar_2, eino_house_with_fridge,
          grunt_megastairs_4
Swamp:1:  gammafunk_ghost_necromancy, evilmike_swamp_ruin_wall
Swamp:2:  evilmike_swamp_ruin_rubble_1
Swamp:3:  evilmike_swamp_ruin_house_1
Swamp:4:  grunt_swamp_rune_castle
Snake:1:  serial_bayou_lake_a, uniq_roxanne
Snake:2:  basic_stair_grate_trap
Snake:3:  serial_shops, nicolae_shop_waterfront, serial_bayou_pond_d,
          uniq_asterion
Snake:4:  johnstein_snake_rune_scales, basic_altar
Slime:3:  cheibrodos_slime_lost_civilization_4
Orc:1:    serial_shops, nicolae_shop_trees, library_closet
Orc:2:    st_orc_pillars, uniq_erolcha
Vaults:1: vaults_room_corners, nicolae_vaults_little_squares_1, v_rooms_6,
          nicolae_vaults_theta, vaults_room_door_ring,
          nicolae_vaults_yaktaur_gun_rack, hangedman_vaults_stream,
          nicolae_vaults_puzzle_piece, vaults_dpeg_doors,
          vaults_room_grunt_arrival_checkpoint, vaults_dpeg_hooks,
          special_room_vaults, serial_shops, nicolae_shop_stone
Vaults:2: minmay_crypt_entry_simple_plaza, v_misc_19, vaults_mumra_hexcomb,
          ontoclasm_vaults_idyll, nicolae_vaults_puzzle_piece,
          ontoclasm_vaults_fault, vaults_room_pool, vaults_dpeg_cross,
          nicolae_vaults_rhombus_6
Vaults:3: vaults_mumra_lcd, nicolae_vaults_little_ls, ontoclasm_vaults_ligature,
          ontoclasm_vaults_claustrophobia, ontoclasm_vaults_ring_small,
          nicolae_vaults_specimen_jars, st_more_cells, v_misc_9,
          ontoclasm_vaults_eye, vaults_room_large_hall,
          nicolae_vaults_border_crossing, serial_ice_h, vaults_room_pools,
          uniq_boris
Vaults:4: hangedman_vaults_cutoff, nicolae_vaults_three_branches,
          ontoclasm_vaults_spin, grunt_vaults_hallway_long,
          nicolae_vaults_little_squares_3, v_misc_24, v_misc_33, v_pattern_4,
          ontoclasm_vaults_chip, vaults_room_grid
Vaults:5: serial_shops
Crypt:1:  grunt_crypt_arrival_split
Crypt:2:  grunt_megastairs_1
Crypt:3:  evilmike_haunted_forest
Depths:1: hell_entry, abyss_entry, minmay_misc_feat_more_columns,
          kennysheep_flooded_box, lemuel_another_geyser, minmay_shop_grove,
          uniq_sojobo
Depths:2: regret_index_uskayaw_diablada_macabre, pan_entry,
          minmay_misc_feat_columns, hellmouth_1, grunt_tower_of_power,
          serial_bayou_shore_b
Depths:3: due_jory_tower, nicolae_trove_entry_path_of_doom, hell_entry,
          minmay_misc_feat_doors, rand_demon_pan_entry_8, uniq_nikola,
          uniq_margery
Depths:4: grunt_runaround, serial_shops, hell_entry, abyss_entry
Depths:5: grunt_zot_entry_funnels, enter_ziggurat_e, glass_columns_a,
          abyss_entry_crystal, serial_shops, shop, hell_entry,
          corexii_leaking_fountain
Dis:1:    nrook_loot_triangle
Dis:2:    hangedman_dis_chains
Dis:4:    hangedman_dis_monolith, hangedman_dis_decor_blocks_crown
Dis:7:    dis_st
Geh:7:    geh_grunt_pentagon
Coc:2:    serial_ice
Coc:7:    coc_old
Tar:1:    regret_index_dithmenos_brocken_genspenst
Tar:2:    nicolae_tar_cuneiform_two
Tar:3:    lemuel_nasty_pond
Tar:7:    tar_minmay_river
Zot:1:    infiniplex_zot_generator, uniq_tiamat
Zot:3:    lemuel_lake_of_fire
Zot:4:    minmay_elemental_castle, grunt_ministairs_11
Zot:5:    st_stairs_6, grunt_ministairs_1
Abyss:1:  gammafunk_corrupted_shrine
Abyss:3:  minivault_25_ag, guppyfry_abyss_exit_glass_guarded,
          hangedman_abyss_lost_library, evilmike_abyss_exit_16
Abyss:4:  evilmike_abyss_exit_mutagenic, gammafunk_abyss_rune_reverse_zot,
          bh_abyss_exit_grid, nicolae_abyss_rune_left_handed,
          evilmike_abyss_exit_16, bh_abyss_exit_grid
Pan:      nicolae_pan_door_chamber, pan_blood_fountain_small,
          evilmike_mini_pan_pillars, nicolae_pan_sigil_itan,
          regret_index_pan_draining_boxed, nicolae_pan_sigil_nadil,
          nicolae_pan_cerebovesque_3, nicolae_pan_giant_door,
          nicolae_pan_glass_arcs, nicolae_pan_sigil_eeng,
          evilmike_mini_pan_doors, nicolae_pan_glass_arcs,
          nicolae_pan_giant_door, nicolae_pan_strange_glyphs, mnoleg_st,
          pan_blood_fountain, nicolae_pan_gloorx_vloqian_4,
          evilmike_mini_pan_corridor, nicolae_pan_gloorx_vloqian_2,
          nicolae_pan_door_chamber, cerebov_grunt, pan_blood_fountain_small,
          gloorx_vloq_grunt, grunt_pan_sceptre, pan_blood_fountain_small,
          evilmike_mini_pan_3x3, lom_lobon, evilmike_mini_pan_doors,
          grunt_pan_spiral, nicolae_pan_gloorx_vloqian_1, rand_demon_9,
          pan_blood_fountain_2, uniq_lom_lobon, uniq_mennas_pan,
          evilmike_mini_pan_rooms, uniq_lom_lobon, lemuel_hellion_island,
          pan_blood_fountain, evilmike_mini_pan_possible_glass,
          evilmike_mini_pan_doors_b, uniq_lom_lobon, nicolae_pan_cerebovesque_1,
          evilmike_holy_pan, evilmike_mini_pan_pillars_b,
          nicolae_pan_double_arrow, pan_blood_fountain_small,
          evilmike_mini_pan_corner, pan_blood_fountain_small,
          nicolae_pan_cerebovesque_2, pan_captured_pigsty,
          evilmike_mini_pan_corner, pan_blood_fountain, uniq_mennas_pan,
          grunt_pan_spiral, pan_blood_fountain_small, rand_demon_7
Zig:11:   ziggurat_pillar_centre_c
IceCv:    ice_cave_statue_garden_chambered
